Cogmind - Beta 12 @@@ ROGUE MODE // 2023.08.15 @ 15:08:37 Player: ktur Result: Establishing Free Derelict Territories! Performance ------------- Evolutions (9) 4500 Regions Visited (40) 8000 Robots Destroyed (345) 1725 Value Destroyed (11484) 11484 Prototype IDs (312) 6240 Alien Tech Used (3) 600 Bonus (34467) 34467 TOTAL SCORE: 67016 Bonus ------- High Alert Combat Kills 588 Follower Combat Kills 2198 Network Hubs Disabled 400 Aligned with FarCom 300 Met Imprinter 300 Met Zhirov 300 Met Warlord at Base 500 MAIN.C Attacked Warlord 500 Warlord Defense Kills 120 Met R17 at Cetus 500 Found Hidden Lab 3000 Met Warlord at Research 2000 Destroyed MAIN.C Guards 500 Met MAIN.C 5000 Destroyed MAIN.C Shell 5000 Destroyed MAIN.C 10000 Met Warlord at Command 2000 Win 3000 Friendly Fire -1739 Cogmind --------- Core Integrity 1432/1600 Matter 289/300 Energy 302/390 System Corruption 2% Temperature Cool (0) Movement Hovering (37) Location Free Derelict Territories Parts ------- > --- POWER (2) -------- Micro Antimatter Reactor Graviton Reactor > --- PROPULSION (8) --- Linear Gravjet Improved Antigrav System Combat Antigrav System Combat Linear Gravjet Combat Linear Gravjet Combat Linear Gravjet Combat Linear Gravjet Combat Linear Gravjet > --- UTILITY (11) ----- Advanced Power Amplifier High-capacity Storage Unit Experimental Terrain Scan Processor Experimental Melee Analysis Suite Experimental Melee Analysis Suite Femtoactuators Experimental Actuator Array Advanced Reaction Control System Experimental Phase Shifter Improved Utility Shielding Advanced Powered Armor > --- WEAPON (4) ------- Nanosword Nanosword Nanosword Nanosword > --- INVENTORY (20) --- Fusion Compressor Micro Antimatter Reactor Zero-point Reactor Cooled Antigrav System Experimental Q-thruster Advanced Power Amplifier Experimental Matter Compressor (497) Advanced Gravity Neutralizer Femtoactuators Experimental Cloaking Device Experimental Utility Shielding Experimental Utility Shielding Experimental Utility Shielding Experimental Weapon Shielding Advanced Powered Armor Experimental EM Disruption Field Advanced Shield Generator Transdimensional Reconstructor Fusion Bomb Launcher Peak State ------------ > --- POWER ------------ Micro Antimatter Reactor Graviton Reactor > --- PROPULSION ------- Linear Gravjet Improved Antigrav System Combat Antigrav System Combat Linear Gravjet Combat Linear Gravjet Combat Linear Gravjet Combat Linear Gravjet Combat Linear Gravjet > --- UTILITY ---------- High-capacity Storage Unit Experimental Terrain Scan Processor Experimental Melee Analysis Suite Experimental Melee Analysis Suite Femtoactuators Experimental Actuator Array Experimental Utility Shielding Advanced Powered Armor Experimental EM Disruption Field System Mapper Deep Network Scanner > --- WEAPON ----------- Nanosword Nanosword Nanosword Nanosword > --- INVENTORY -------- Fusion Compressor Micro Antimatter Reactor Experimental Q-thruster Advanced Power Amplifier Advanced Power Amplifier Advanced Gravity Neutralizer Long-range Terrain Scanner Femtoactuators ECM Suite Advanced Reaction Control System Experimental Phase Shifter Experimental Cloaking Device Improved Utility Shielding Experimental Utility Shielding Experimental Utility Shielding Experimental Weapon Shielding Advanced Powered Armor Point Defense Array Transdimensional Reconstructor Fusion Bomb Launcher [Rating: 220] Favorites ----------- Power Micro Antimatter Reactor Engine Heavy Ion Engine Power Core Micro Nuclear Core Reactor Micro Antimatter Reactor Propulsion Cooled VTOL Module Treads Light Treads Wheel High-density Centrium Wheel Hover Unit Improved Antigrav System Flight Unit Cooled VTOL Module Utility Experimental Hacking Suite Device Improved System Restoration Module Storage High-capacity Storage Unit Processor Experimental Terrain Scan Processor Hackware Experimental Hacking Suite Protection Centrium Medium Armor Plating Weapon Minigun Energy Gun Beam Rifle Energy Cannon EMDS Ballistic Gun Minigun Ballistic Cannon Light Cannon Launcher Heavy Rocket Launcher Special Weapon Remote Datajack Slashing Weapon Nanosword Piercing Weapon Spear Special Melee Weapon Advanced Datajack Build | -11 -10 -10 -9 -9 -9 -8 -8 -8 -7 -7 -7 -7 -7 -7 -6 -6 -6 -6 -6 -6 -6 -6 -5 -5 -5 -5 -5 -5 -4 -4 -4 -4 -4 -3 -3 -3 -3 -2 -1 -1 ------- Run | Jun Mat Min Mat Min Exi Min Mat Sto Fac Was Fac Low Low Zio Pro Fac Was Fac Ext Cet Arc Hub Fac Was Fac Upp Upp War Pro Fac Upp Upp Zhi Pro Res Arm Lab Res Acc Com Slots Evolved 18 | . . . 2 . . . 2 . 2 . . . . . . 2 . . . . . . 2 . . . . . . 2 . . . . 2 . . 2 2 . Power 1 | . . . . . . . . . . . . . . . . . . . . . . . 1 . . . . . . . . . . . . . . . . . Propulsion 6 | . . . 1 . . . 1 . 1 . . . . . . 1 . . . . . . . . . . . . . . . . . . 1 . . 1 . . Utility 9 | . . . 1 . . . 1 . 1 . . . . . . 1 . . . . . . 1 . . . . . . 2 . . . . 1 . . . 1 . Weapon 2 | . . . . . . . . . . . . . . . . . . . . . . . . . . . . . . . . . . . . . . 1 1 . Parts Attached 524 | 7 11 . 43 8 2 1 20 34 39 3 18 . . . 1 12 2 24 10 19 22 30 47 1 14 2 4 7 . 17 . . 4 . 4 41 7 11 37 22 Power 40 | 1 . . 5 . . . . 2 2 . 1 . . . . 3 . . . 2 1 2 4 . . . . 1 . 3 . . . . . 5 . 1 4 3 Engine 8 | 1 . . 5 . . . . 1 1 . . . . . . . . . . . . . . . . . . . . . . . . . . . . . . . Core 7 | . . . . . . . . 1 1 . 1 . . . . 3 . . . . . . . . . . . . . . . . . . . . . . . 1 Reactor 25 | . . . . . . . . . . . . . . . . . . . . 2 1 2 4 . . . . 1 . 3 . . . . . 5 . 1 4 2 Propulsion 96 | 2 2 . 12 3 . . 11 12 5 . 2 . . . . 1 . 3 . 4 1 . 11 1 . . . . . 6 . . . . . 6 . 4 8 2 Treads 44 | 2 2 . 11 3 . . 11 8 . . . . . . . . . . . 4 1 . 2 . . . . . . . . . . . . . . . . . Leg . | . . . . . . . . . . . . . . . . . . . . . . . . . . . . . . . . . . . . . . . . . Wheel 1 | . . . . . . . . . . . . . . . . . . . . . . . 1 . . . . . . . . . . . . . . . . . Hover 18 | . . . . . . . . . . . . . . . . . . . . . . . . . . . . . . . . . . . . 5 . 3 8 2 Flight 33 | . . . 1 . . . . 4 5 . 2 . . . . 1 . 3 . . . . 8 1 . . . . . 6 . . . . . 1 . 1 . . Utility 277 | 2 4 . 11 3 . 1 9 10 31 3 13 . . . . 7 . 13 5 7 12 14 22 . 14 2 2 4 . 6 . . 4 . 4 28 4 6 21 15 Device 143 | 1 . . 2 2 . . 3 2 21 2 8 . . . . 5 . 8 1 2 7 11 7 . 6 1 2 4 . 3 . . 2 . 1 17 2 2 9 12 Storage 15 | 1 3 . . . . 1 . 1 . . 1 . . . . 1 . . . 2 . . 2 . . . . . . 1 . . . . . 1 . 1 . . Processor 12 | . 1 . 1 . . . . 2 3 . 1 . . . . . . . . . . . 1 . . . . . . . . . . . 1 . . 1 . 1 Hackware 45 | . . . . . . . . . 2 1 2 . . . . 1 . 4 2 . . . 7 . 7 . . . . 2 . . 1 . 2 5 1 . 8 . Protection 62 | . . . 8 1 . . 6 5 5 . 1 . . . . . . 1 2 3 5 3 5 . 1 1 . . . . . . 1 . . 5 1 2 4 2 Artifact . | . . . . . . . . . . . . . . . . . . . . . . . . . . . . . . . . . . . . . . . . . Weapon 111 | 2 5 . 15 2 2 . . 10 1 . 2 . . . 1 1 2 8 5 6 8 14 10 . . . 2 2 . 2 . . . . . 2 3 . 4 2 Energy Gun 7 | 1 2 . 2 . . . . . . . . . . . . . . . . . . . . . . . . 1 . . . . . . . . 1 . . . Energy Cannon 8 | . . . . . . . . . . . . . . . . . . . . . . 4 2 . . . . . . . . . . . . . 1 . 1 . Ballistic Gun 53 | 1 1 . 10 2 1 . . 6 . . . . . . . . . 5 3 3 8 9 4 . . . . . . . . . . . . . . . . . Ballistic Cannon 5 | . 2 . 2 . . . . . . . 1 . . . . . . . . . . . . . . . . . . . . . . . . . . . . . Launcher 8 | . . . . . . . . . . . . . . . 1 1 1 1 . 1 . 1 . . . . 1 . . . . . . . . . . . . 1 Special Weapon 5 | . . . 1 . . . . . . . . . . . . . . 2 2 . . . . . . . . . . . . . . . . . . . . . Impact Weapon . | . . . . . . . . . . . . . . . . . . . . . . . . . . . . . . . . . . . . . . . . . Slashing Weapon 11 | . . . . . . . . 3 . . . . . . . . 1 . . . . . . . . . . . . . . . . . . 2 1 . 3 1 Piercing Weapon 9 | . . . . . . . . . 1 . 1 . . . . . . . . 2 . . 2 . . . 1 1 . 1 . . . . . . . . . . Special Melee Weapon 5 | . . . . . 1 . . 1 . . . . . . . . . . . . . . 2 . . . . . . 1 . . . . . . . . . . Unidentified Prototypes 31 | . . . 3 . . . . . . . 2 . . . . . 2 . . 6 . 3 6 . . . . 2 . . . . 2 . . 1 4 . . . Corrupted Parts 3 | . . . . . . . . . . . . . . . . . . . . . 3 . . . . . . . . . . . . . . . . . . . System Corruption 13 | . . . . . . . . . . . . . . . . . . . . . 13 . . . . . . . . . . . . . . . . . . . Parts Lost 23 | . . . 6 . . . . 3 . . 2 . . . . 1 . . 1 . . 1 . . . . . . . . . . . . . 8 . 1 . . Power 4 | . . . 2 . . . . . . . . . . . . . . . . . . . . . . . . . . . . . . . . 2 . . . . Propulsion 11 | . . . 4 . . . . . . . 1 . . . . . . . . . . . . . . . . . . . . . . . . 5 . 1 . . Utility 7 | . . . . . . . . 3 . . . . . . . 1 . . 1 . . 1 . . . . . . . . . . . . . 1 . . . . Weapon 1 | . . . . . . . . . . . 1 . . . . . . . . . . . . . . . . . . . . . . . . . . . . . Highest Loss Streak 8 | . . . 2 . . . . 1 . . 2 . . . . 1 . . 1 . . 1 . . . . . . . . . . . . . 8 . 1 . . To Critical Strikes . | . . . . . . . . . . . . . . . . . . . . . . . . . . . . . . . . . . . . . . . . . Average Slot Usage (%) 92 | . 99 100 97 100 99 100 99 99 99 100 98 92 92 92 92 89 93 95 99 70 71 71 81 100 99 100 100 99 100 93 94 94 92 94 87 89 91 91 93 99 Engine 4 | . 14 14 9 11 11 11 9 8 3 . . . . . . . . . . . . . . . . . . . . . . . . . . . . . . . Core 1 | . . . . . . . . . 3 7 7 7 7 7 7 6 6 6 6 5 . . . . . . . . . . . . . . . . . . . . Reactor 3 | . . . . . . . . . . . . . . . . . . . . . 6 6 5 11 11 11 11 10 11 10 10 10 10 10 9 8 9 8 7 7 Treads 17 | . 27 28 32 33 33 33 36 35 . . . . . . . . . . . 12 20 20 4 . . . . . . . . . . . . . . . . . Hover 2 | . . . . . . . . . . . . . . . . . . . . . . . . . . . . . . . . . . . . 2 23 27 26 31 Flight 10 | . . . . . . . . . 38 38 38 38 38 38 38 36 40 38 40 8 . . 23 35 35 35 35 35 35 30 31 31 31 31 28 23 4 4 2 . Device 9 | . 9 . 4 11 11 11 8 3 5 10 7 7 7 7 7 6 6 6 13 7 21 12 3 11 14 11 11 11 11 15 15 15 12 10 9 9 5 13 14 14 Storage 8 | . 14 14 11 11 11 11 9 9 7 7 7 7 7 7 7 12 13 13 13 12 6 6 2 5 5 5 5 5 5 5 5 5 5 5 4 3 4 4 4 4 Processor 3 | . 4 14 8 . . . . 7 9 9 3 . . . . . . . . . . . . . . . . . . . . . . . . 4 4 4 8 9 Hackware 5 | . . . . . . . . . 6 1 12 15 15 15 15 13 13 12 5 . . . 25 23 16 17 17 17 17 20 21 21 22 26 24 23 23 14 8 7 Protection 7 | . . . 8 11 11 11 17 15 6 7 5 7 7 7 7 6 6 6 6 10 3 13 3 . 1 5 5 5 5 5 5 5 5 5 4 2 4 4 8 7 Energy Gun 1 | . 14 14 3 . . . . . . . . . . . . . . . . . . . . . . . . . . . . . . . . . . . . . Ballistic Gun 8 | . 9 . 14 22 18 22 18 17 . . . . . . . . . 4 . 5 12 9 1 . . . . . . . . . . . . . . . . . Ballistic Cannon 1 | . 4 14 3 . . . . . . . . . . . . . . . . . . . . . . . . . . . . . . . . . . . . . Slashing Weapon 1 | . . . . . . . . . 3 . . . . . . . . . . . . . . . . . . . . . . . . . . 1 8 7 12 15 Piercing Weapon 1 | . . . . . . . . . 3 7 7 7 7 7 7 6 6 6 5 4 . . 3 5 5 5 5 4 5 4 5 5 5 5 4 3 . . . . Special Melee Weapon 1 | . . . . . 3 . . . 7 7 5 . . . . . . . . . . . 3 5 5 5 5 5 5 . . . . . . . . . . . Naked Turns . | . . . . . . . . . . . . . . . . . . . . . . . . . . . . . . . . . . . . . . . . . Heaviest Build 197 | 15 52 51 70 64 64 104 124 136 23 24 24 24 24 24 24 32 25 33 42 197 197 196 196 44 48 45 49 48 48 49 48 48 48 48 48 51 60 76 93 104 Greatest Support 240 | 40 40 40 60 60 60 60 80 80 25 25 26 26 26 26 34 26 26 39 41 240 240 240 240 48 48 48 52 48 52 52 52 52 48 48 52 76 76 92 126 123 Greatest Overweight (x) 65 | . 1 1 2 1 1 1 1 5 . . . . . . . 1 . 1 1 2 65 . 2 . . . 1 . . 1 . . . . . 1 . . 1 . Average Overweight (x) . | . . 1 . 1 1 1 1 1 . . . . . . . . . . . . 21 . . . . . . . . . . . . . . . . . . . Largest Inventory Capacity 30 | 8 20 20 20 20 20 25 25 25 25 10 10 10 10 10 10 10 10 10 10 30 30 30 30 15 15 15 15 15 15 15 15 15 15 15 15 15 15 20 20 20 Average Capacity 19 | 7 15 20 20 20 20 23 25 25 10 10 10 10 10 10 10 10 10 10 10 28 30 30 13 15 15 15 15 15 15 15 15 15 15 15 15 14 15 17 20 20 Most Carried 30 | 6 20 20 20 20 20 22 25 25 14 10 10 10 10 10 10 10 10 10 10 30 30 30 30 15 15 15 15 15 15 15 15 15 15 15 15 15 15 20 20 20 Average Carried 19 | 4 14 19 19 19 19 21 24 24 9 9 9 10 10 9 9 9 10 9 10 19 29 29 12 14 14 15 15 14 15 14 15 15 14 15 14 13 10 16 19 19 Final Capacity 30 | 8 20 20 20 20 20 25 25 25 10 10 10 10 10 10 10 10 10 10 10 30 30 30 15 15 15 15 15 15 15 15 15 15 15 15 15 15 15 20 20 20 Final Carried 30 | 6 20 20 20 20 20 22 25 15 10 10 10 10 10 10 10 10 10 10 10 30 30 30 15 15 15 15 15 15 15 15 15 15 15 15 15 14 15 20 20 19 Class Distribution -------------------- 31% | Scavenger-Mutant 27% | Mutant 11% | Hacker-Sprinter 7% | Wizard-Sprinter 3% | Hacker-Scout 3% | Sprinter Dominant Class ---------------- Mutant | -10/Materials Mutant | -10/Mines Scavenger-Mutant | -9/Materials Mutant | -9/Mines Mutant | -9/Exiles Mutant | -8/Mines Scavenger-Mutant | -8/Materials Scavenger-Mutant | -8/Storage Scout | -7/Factory Scout | -7/Waste Hacker-Sprinter | -7/Factory Hacker-Sprinter | -7/Lower Caves Hacker-Sprinter | -7/Lower Caves Hacker-Sprinter | -7/Zion Hacker-Sprinter | -6/Proximity Caves Hacker-Sprinter | -6/Factory Hacker-Sprinter | -6/Waste Hacker-Sprinter | -6/Factory Commander-Sprinter | -6/Extension Hauler-Mutant | -6/Cetus Scavenger-Mutant | -6/Archives Scavenger-Mutant | -6/Hub_04(d) Wizard-Sprinter | -5/Factory Scavenger-Sprinter | -5/Waste Scavenger-Sprinter | -5/Factory Hacker-Sprinter | -5/Upper Caves Hacker-Sprinter | -5/Upper Caves Hacker-Sprinter | -5/Warlord Hacker-Sprinter | -4/Proximity Caves Wizard-Sprinter | -4/Factory Wizard-Sprinter | -4/Upper Caves Wizard-Sprinter | -4/Upper Caves Wizard-Sprinter | -4/Zhirov Wizard-Sprinter | -3/Proximity Caves Wizard-Sprinter | -3/Research Wizard-Sprinter | -3/Armory Wizard-Mutant | -3/Lab Wizard-Scout | -2/Research Hacker-Scout | -1/Access Machinist-Mutant | -1/Command Resources | -11 -10 -10 -9 -9 -9 -8 -8 -8 -7 -7 -7 -7 -7 -7 -6 -6 -6 -6 -6 -6 -6 -6 -5 -5 -5 -5 -5 -5 -4 -4 -4 -4 -4 -3 -3 -3 -3 -2 -1 -1 ----------- Run | Jun Mat Min Mat Min Exi Min Mat Sto Fac Was Fac Low Low Zio Pro Fac Was Fac Ext Cet Arc Hub Fac Was Fac Upp Upp War Pro Fac Upp Upp Zhi Pro Res Arm Lab Res Acc Com Matter Collected 11628 | 303 442 72 1256 239 20 58 795 1067 555 30 218 20 34 27 44 471 . 201 317 322 629 1333 819 . 183 20 20 118 . 130 . 34 61 . . 373 . 263 247 907 Remotely . | . . . . . . . . . . . . . . . . . . . . . . . . . . . . . . . . . . . . . . . . . Salvage Created 16802 | 128 713 156 1664 289 . 55 1094 1949 661 . 761 . . . 38 453 . 259 183 248 459 2378 1265 . 812 . . 41 . 235 . . 92 . . 373 . 340 333 1823 Parts 888 | 9 50 10 94 14 . 4 64 116 44 . 33 . . . 5 27 . 17 13 19 35 118 66 . 36 . . . . 9 . . 4 . . 30 . 8 16 47 Haulers Intercepted 31 | . 2 . 6 . . . 1 6 4 . 4 . . . . . . 1 . . . . 1 . 4 . . . . 1 . . . . . . . 1 . . Recyclers Shooed 8 | . 1 . 2 . . . . 1 . . 1 . . . . 1 . . . . . . 1 . 1 . . . . . . . . . . . . . . . Parts Field Recycled . | . . . . . . . . . . . . . . . . . . . . . . . . . . . . . . . . . . . . . . . . . Retrieved Matter . | . . . . . . . . . . . . . . . . . . . . . . . . . . . . . . . . . . . . . . . . . Parts Self-Destructed 9 | . . . . . . . . . . . . . . . 3 . . . . . . . . . . . 2 . . . . . 4 . . . . . . . Prevented . | . . . . . . . . . . . . . . . . . . . . . . . . . . . . . . . . . . . . . . . . . Kills | -11 -10 -10 -9 -9 -9 -8 -8 -8 -7 -7 -7 -7 -7 -7 -6 -6 -6 -6 -6 -6 -6 -6 -5 -5 -5 -5 -5 -5 -4 -4 -4 -4 -4 -3 -3 -3 -3 -2 -1 -1 ------- Run | Jun Mat Min Mat Min Exi Min Mat Sto Fac Was Fac Low Low Zio Pro Fac Was Fac Ext Cet Arc Hub Fac Was Fac Upp Upp War Pro Fac Upp Upp Zhi Pro Res Arm Lab Res Acc Com Combat Hostiles Destroyed 208 | . 19 7 32 7 . 1 22 27 1 . 2 . . . 3 5 . 6 3 4 2 32 11 . 1 . . 1 . . . . . . . 6 . . 2 14 Melee 30 | . . . . . . . . . 1 . 2 . . . . 1 . 2 3 . . . 3 . . . . 1 . . . . . . . 6 . . 2 9 Guns 122 | . 11 2 25 7 . 1 22 27 . . . . . . . . . . . 1 2 22 2 . . . . . . . . . . . . . . . . . Cannons 29 | . 8 5 7 . . . . . . . . . . . . . . . . . . 6 3 . . . . . . . . . . . . . . . . . AOE 24 | . . . . . . . . . . . . . . . 3 4 . 4 . 3 . 4 . . 1 . . . . . . . . . . . . . . 5 Classes Destroyed 16 | 3 6 . 2 . . 1 . 2 1 . 1 . . . . . . . . . . . . . . . . . . . . . . . . . . . . . Worker 18 | 1 . . 2 . . . 2 1 4 . 1 . . . . . . . . . . 5 . . 1 . . . . 1 . . . . . . . . . . Builder 10 | . 1 . . . . . . . 1 . 1 . . . . 2 . 1 1 . . 2 1 . . . . . . . . . . . . . . . . . Tunneler 4 | 3 . . . . . . . . . . . . . . . . . . . . . . 1 . . . . . . . . . . . . . . . . . Hauler 31 | . 2 . 6 . . . 1 6 4 . 4 . . . . . . 1 . . . . 1 . 4 . . . . 1 . . . . . . . 1 . . Recycler 30 | 1 1 . 4 . . . . 2 4 . 5 . . . . 2 . . . . . 1 3 . 2 . . . . . . . . . . . . 2 1 2 Mechanic 3 | . . . . . . . . 1 . . 1 . . . . . . . . . . . . . 1 . . . . . . . . . . . . . . . Operator 18 | . 1 . 2 . . . . 2 2 . 1 . . . . . . . . . 8 . 1 . 1 . . . . . . . . . . . . . . . Watcher 21 | . 1 . 2 . . . 1 2 1 . . . . . . 3 . . . . . 1 1 . 3 . . . . 3 . . . . . . . . 2 1 Swarmer 55 | . 8 3 11 . . . 6 3 . . . . . . 3 4 . 4 . 3 . 4 . . . . . . . . . . . . . . . . . 6 Grunt 67 | . 11 4 13 6 . . 9 9 . . . . . . . . . 1 1 . . 10 3 . . . . . . . . . . . . . . . . . Brawler 4 | . . . 1 1 . . 1 . . . . . . . . . . . . . . . . . . . . 1 . . . . . . . . . . . . Duelist 2 | . . . . . . . . 1 . . . . . . . . . . . . . . 1 . . . . . . . . . . . . . . . . . Protector 3 | . . . . . . . . . . . 1 . . . . . . . . . . 2 . . . . . . . . . . . . . . . . . . Sentry 36 | . . . 7 . . . 6 14 . . . . . . . . . . 1 . 2 5 1 . . . . . . . . . . . . . . . . . Hunter 10 | . . . . . . 1 . . . . 1 . . . . . . . . . . 1 2 . 1 . . . . . . . . . . 2 . . . 2 Programmer 18 | . . . . . . . . . 1 . . . . . . 1 . 1 1 . . 1 4 . . . . . . . . . . . . 4 . . 2 3 Cetus Guard 1 | . . . . . . . . . . . . . . . . . . . . 1 . . . . . . . . . . . . . . . . . . . . Lightning 9 | . . . . . . . . . . . . . . . . . . . . . . 9 . . . . . . . . . . . . . . . . . . Combat Programmer 1 | . . . . . . . . . . . . . . . . . . . . . . . . . . . . . . . . . . . . . . . . 1 Guerrilla 1 | . . . . . . . . . . . . . . . . . . . . 1 . . . . . . . . . . . . . . . . . . . . Best Kill Streak 13 | 4 10 3 6 2 . 1 4 8 2 . 3 . . . 3 4 . 4 1 3 5 13 4 . 3 . . 1 . 1 . . . . . 3 . 1 2 11 Combat Bots Only 13 | . 9 3 5 2 . 1 3 8 1 . 2 . . . 3 4 . 4 1 3 2 13 4 . 1 . . 1 . . . . . . . 3 . . 2 11 Max Kills in Single Turn 5 | 1 1 1 2 1 . 1 2 1 1 . 1 . . . 2 3 . 3 1 3 1 3 1 . 1 . . 1 . 1 . . . . . 1 . 1 1 5 Gunslinging 1 | . . . 1 . . . . . . . . . . . . . . . . . . . . . . . . . . . . . . . . . . . . . Exploded 5 | . . . . . . . . . . . . . . . 2 3 . 3 . 3 . 2 . . 1 . . . . . . . . . . . . . . 5 Melee 1 | . . . . . . . . . 1 . 1 . . . . 1 . 1 1 . . . 1 . . . . 1 . . . . . . . 1 . . 1 1 Uniques/NPCs Destroyed 3 | . . . . . . . . . . . . . . . . . . . . 1 . . . . . . . . . . . . . . . . . . . 2 A7 (-6/Cetus) MAIN.C Shell (-1/Command) MAIN.C (-1/Command) Combat | -11 -10 -10 -9 -9 -9 -8 -8 -8 -7 -7 -7 -7 -7 -7 -6 -6 -6 -6 -6 -6 -6 -6 -5 -5 -5 -5 -5 -5 -4 -4 -4 -4 -4 -3 -3 -3 -3 -2 -1 -1 -------- Run | Jun Mat Min Mat Min Exi Min Mat Sto Fac Was Fac Low Low Zio Pro Fac Was Fac Ext Cet Arc Hub Fac Was Fac Upp Upp War Pro Fac Upp Upp Zhi Pro Res Arm Lab Res Acc Com Damage Taken 10857 | . 306 259 1418 224 . 77 637 1447 104 . 289 15 . . 31 93 . 251 142 155 177 1633 320 . 51 12 56 . . 59 42 45 . . 62 1370 . 97 225 1260 Core 1581 | . 40 62 177 24 . 23 125 126 . . 101 . . . 31 . . . 6 30 . 61 73 . 25 12 . . . . . . . . 31 432 . 34 27 141 Absorbed by Shields 1055 | . . . . 85 . 29 250 386 . . . . . . . . . . . 57 63 161 . . . . . . . . . . . . . 14 . . . 10 Reduced by Siege Mode 150 | . . . . . . . . . . . . . . . . . . . . . . 138 12 . . . . . . . . . . . . . . . . . Redirected to Shielding 562 | . . . . . . . . . . . . . . . . . . . . . . 77 . . . . 24 . . . 20 16 . . . 231 . . 22 172 Regen/Repaired (Parts) 1184 | . 137 . . . . . 21 80 . . 26 . . . . . . 199 . . . . 118 . . . . . . 89 . . . . . . . . 126 388 Core Remaining (%) 80 | 100 . 59 . . . 44 . 54 . . . . . . 81 . . . . . . 88 . . . . . . 89 . . . . 100 . . 84 97 . 89 Volleys Fired 651 | 11 60 18 140 22 . 6 78 102 . . . . . . 2 4 . 2 29 16 40 84 34 . . . 2 . . . . . . . . . . . . 1 Largest 2 | 2 2 2 2 2 . 2 2 2 . . . . . . 1 1 . 1 1 2 2 2 2 . . . 1 . . . . . . . . . . . . 1 Hottest 100 | 70 91 91 100 50 . 50 50 50 . . . . . . 39 39 . 39 35 70 70 70 70 . . . 39 . . . . . . . . . . . . 52 Shots Fired 1086 | 22 96 22 215 44 . 12 156 204 . . . . . . 2 4 . 2 29 22 80 132 41 . . . 2 . . . . . . . . . . . . 1 Gun 923 | 22 69 4 166 44 . 12 156 204 . . . . . . . . . . 2 21 80 118 25 . . . . . . . . . . . . . . . . . Cannon 111 | . 27 18 39 . . . . . . . . . . . . . . . . . . 11 16 . . . . . . . . . . . . . . . . . Launcher 15 | . . . . . . . . . . . . . . . 2 4 . 2 . 1 . 3 . . . . 2 . . . . . . . . . . . . 1 Special 37 | . . . 10 . . . . . . . . . . . . . . . 27 . . . . . . . . . . . . . . . . . . . . . Kinetic 931 | 11 60 18 180 44 . 12 156 204 . . . . . . . . . . 2 21 80 118 25 . . . . . . . . . . . . . . . . . Thermal 86 | 11 36 4 35 . . . . . . . . . . . . . . . . . . . . . . . . . . . . . . . . . . . . . Explosive 15 | . . . . . . . . . . . . . . . 2 4 . 2 . 1 . 3 . . . . 2 . . . . . . . . . . . . 1 Electromagnetic 27 | . . . . . . . . . . . . . . . . . . . . . . 11 16 . . . . . . . . . . . . . . . . . Robot Hit Streak 25 | 8 8 14 21 10 . 10 14 22 . . . . . . . . . 3 9 7 15 25 9 . . . . . . . . . . . . . . . . . Robot Miss Streak 4 | 1 2 2 4 2 . 1 4 4 . . . . . . . . . . 1 2 2 4 1 . . . . . . . . . . . . . . . . . Penetration Max 3 | . . . . . . . . . . . . . . . . . . . 3 2 . 3 . . . . . . . . . . . . . . . . . . Secondary Targets 19 | . 2 . 4 . . . 4 6 . . . . . . . . . . . . . 2 1 . . . . . . . . . . . . . . . . . Max Gunslinging Chain 1 | . 1 . 1 . . . 1 1 . . . . . . . . . . . . . 1 1 . . . . . . . . . . . . . . . . . Shots Hit Robots 1041 | 17 57 18 147 31 4 10 109 153 35 . 23 . . . . 12 . 13 28 24 61 82 39 . 25 . . 7 . 10 . . 1 . . 29 . 5 14 87 Core Hits 478 | 6 30 10 62 12 . 3 43 67 11 . 15 . . . 3 14 . 8 5 18 28 59 20 . 12 . . 1 . 4 . . 1 . . 12 . 1 5 28 Critical Kills 35 | . . . . . . . 1 1 . . . . . . . . . . 1 2 9 20 1 . . . . . . . . . . . . . . . . . Critical Parts Destroyed 41 | . . . . . . . 1 1 . . . . . . . . . . . 4 14 21 . . . . . . . . . . . . . . . . . . Critical Strikes 113 | . 5 . 3 . . . 2 2 2 . 3 . . . . . . 3 1 11 23 45 6 . 1 . . . . . . . . . . . . . . 6 Burn 5 | . 3 . 2 . . . . . . . . . . . . . . . . . . . . . . . . . . . . . . . . . . . . . Destroy 80 | . . . . . . . 2 2 . . . . . . . . . . 1 9 23 42 1 . . . . . . . . . . . . . . . . . Blast 3 | . 2 . 1 . . . . . . . . . . . . . . . . . . . . . . . . . . . . . . . . . . . . . Corrupt 6 | . . . . . . . . . . . . . . . . . . . . . . 3 3 . . . . . . . . . . . . . . . . . Sever 7 | . . . . . . . . . 1 . . . . . . . . . . . . . . . . . . . . . . . . . . . . . . 6 Impale 12 | . . . . . . . . . 1 . 3 . . . . . . 3 . 2 . . 2 . 1 . . . . . . . . . . . . . . . Melee Attacks 751 | . . . . . 4 . . 2 87 . 38 1 . . 7 43 . 34 26 8 . . 53 . 70 . 4 13 . 70 . . 1 1 14 63 10 22 72 108 Impact . | . . . . . . . . . . . . . . . . . . . . . . . . . . . . . . . . . . . . . . . . . Slashing 252 | . . . . . . . . 2 33 . . . . . . . . . . . . . . . . . . . . . . . . . . 5 10 22 72 108 Piercing 484 | . . . . . . . . . 54 . 38 1 . . 7 43 . 34 26 8 . . 49 . 70 . 4 7 . 69 . . 1 1 14 58 . . . . Sneak Attacks 91 | . . . . . 4 . . . 15 . 14 . . . . 5 . 3 1 8 . . 11 . 11 . . 6 . 4 . . . . . . . 5 1 3 Combat Hostiles 4 | . . . . . . . . . . . 1 . . . . . . 1 1 . . . 1 . . . . . . . . . . . . . . . . . Follow-up Attacks 49 | . . . . . . . . . . . . . . . . . . . . . . . . . . . . . . . . . . . . 4 . 1 4 40 Damage Inflicted 32615 | 210 989 379 2494 507 . 147 2076 2791 1963 . 1408 . . . 227 966 . 792 194 809 765 2623 1833 . 1822 . . 59 . 610 . . 119 . . 1088 . 621 874 6249 Guns 10451 | 210 556 62 1843 505 . 123 2011 2727 . . . . . . . . . . 29 196 765 1300 124 . . . . . . . . . . . . . . . . . Cannons 2465 | . 397 289 644 . . . . . . . . . . . . . . . . . . 563 572 . . . . . . . . . . . . . . . . . Explosions 2300 | . . . . . . . . . . . . . . . 227 250 . 331 . 307 . 604 . . 91 . . . . . . . . . . . . . . 490 Melee 17017 | . . . . . . . . . 1963 . 1408 . . . . 716 . 461 165 306 . . 1137 . 1731 . . 59 . 610 . . 119 . . 1088 . 621 874 5759 Ramming 382 | . 36 28 7 2 . 24 65 64 . . . . . . . . . . . . . 156 . . . . . . . . . . . . . . . . . . Kinetic 10933 | 109 593 289 2162 505 . 123 2011 2727 . . . . . . . . . . 29 196 765 1300 124 . . . . . . . . . . . . . . . . . Thermal 939 | 101 360 62 325 . . . . . . . . . . . . . . . . . . . . . 91 . . . . . . . . . . . . . . . Explosive 1999 | . . . . . . . . . . . . . . . 227 250 . 331 . 307 . 394 . . . . . . . . . . . . . . . . . 490 Electromagnetic 1345 | . . . . . . . . . . . . . . . . . . . . . . 773 572 . . . . . . . . . . . . . . . . . Impact . | . . . . . . . . . . . . . . . . . . . . . . . . . . . . . . . . . . . . . . . . . Slashing 8109 | . . . . . . . . . 699 . . . . . . . . . . . . . . . . . . . . . . . . . . 156 . 621 874 5759 Piercing 8908 | . . . . . . . . . 1264 . 1408 . . . . 716 . 461 165 306 . . 1137 . 1731 . . 59 . 610 . . 119 . . 932 . . . . Highest Corruption 11 | . . . . . . . . . . . . . . . . . . . . . 8 11 . 7 7 . . . . 1 1 1 1 1 . 9 9 . . 2 Average Corruption 5 | . . . . . . . . . . . . . . . . . . . . . 5 10 . 7 6 . . . . 1 1 1 1 1 . 3 9 . . 1 Corruption Purged 20 | . . . . . . . . . . . . . . . . . . . . . 13 . . . 7 . . . . . . . . . . . . . . . Corruption Blocked 6 | . . . . . . . . . . . . . . . . . . . . . . . . . . . . . . . . . . . . . . 6 . . Effects 72 | . . . . . . . . . . . . . . . . . . . . . 9 31 . 1 14 . . . . 1 . . 1 . . 10 5 . . . Message Errors 18 | . . . . . . . . . . . . . . . . . . . . . 2 6 . . 4 . . . . . . . . . . 5 1 . . . Matter Fused 16 | . . . . . . . . . . . . . . . . . . . . . 2 4 . 1 4 . . . . . . . 1 . . 4 . . . . Heat Flow Errors 10 | . . . . . . . . . . . . . . . . . . . . . 1 5 . . 2 . . . . . . . . . . . 2 . . . Energy Discharges 11 | . . . . . . . . . . . . . . . . . . . . . 2 7 . . 2 . . . . . . . . . . . . . . . Parts Fused 3 | . . . . . . . . . . . . . . . . . . . . . . 1 . . 1 . . . . . . . . . . . 1 . . . Data Loss (minor) 6 | . . . . . . . . . . . . . . . . . . . . . . 2 . . 1 . . . . 1 . . . . . 1 1 . . . Data Loss (major) 5 | . . . . . . . . . . . . . . . . . . . . . 2 3 . . . . . . . . . . . . . . . . . . Alerts 1 | . . . . . . . . . . . . . . . . . . . . . . 1 . . . . . . . . . . . . . . . . . . Weapon Failures 2 | . . . . . . . . . . . . . . . . . . . . . . 2 . . . . . . . . . . . . . . . . . . Overload Shots . | . . . . . . . . . . . . . . . . . . . . . . . . . . . . . . . . . . . . . . . . . Overflow Damage 2014 | . . . . . . . 8 . 451 . 114 . . . . 132 . 39 . . . 61 263 . 229 . . . . 52 . . . . . 53 . 213 97 302 Projectiles 13 | . . . . . . . . . . . . . . . . . . . . . . 13 . . . . . . . . . . . . . . . . . . Explosions 56 | . . . . . . . . . . . . . . . . . . 35 . . . . . . . . . . . . . . . . . . . . . 21 Melee 1945 | . . . . . . . 8 . 451 . 114 . . . . 132 . 4 . . . 48 263 . 229 . . . . 52 . . . . . 53 . 213 97 281 Knockbacks 8 | . 3 2 3 . . . . . . . . . . . . . . . . . . . . . . . . . . . . . . . . . . . . . Impact . | . . . . . . . . . . . . . . . . . . . . . . . . . . . . . . . . . . . . . . . . . Kinetic 8 | . 3 2 3 . . . . . . . . . . . . . . . . . . . . . . . . . . . . . . . . . . . . . Secondary . | . . . . . . . . . . . . . . . . . . . . . . . . . . . . . . . . . . . . . . . . . Self-Inflicted Damage 23 | . . . . . . . . . . . . . . . . . . . . . . 23 . . . . . . . . . . . . . . . . . . Shots 1 | . . . . . . . . . . . . . . . . . . . . . . 1 . . . . . . . . . . . . . . . . . . Rammed 32 | . 8 5 1 1 . 3 4 6 . . . . . . . . . . . . . 4 . . . . . . . . . . . . . . . . . . Targets Rammed 35 | . 8 5 2 1 . 3 4 7 . . . . . . . . . . . . . 5 . . . . . . . . . . . . . . . . . . Kicked . | . . . . . . . . . . . . . . . . . . . . . . . . . . . . . . . . . . . . . . . . . Crushed 3 | . . . 1 . . . . 1 . . . . . . . . . . . . . 1 . . . . . . . . . . . . . . . . . . Highest Temperature 275 | 36 90 120 170 62 . 47 117 275 4 1 5 2 2 2 10 . . 157 92 98 86 233 83 . 246 . 42 . 70 21 . 150 . . 38 203 246 . . . Average Temperature 40 | 14 25 36 41 21 . 21 36 74 1 1 1 2 2 2 2 . . 27 20 34 27 125 26 . 109 . 23 . 33 8 . 69 . . 26 89 124 . . . Received Heat Transfer 2554 | . 78 111 537 111 . . 307 761 . . 72 . . . . 6 . 72 33 . 24 355 9 . . . 9 . . . . . . . . 18 . . 9 42 Siege Activations 14 | . . . . . . . . . . . . . . . . . . . . . 2 9 3 . . . . . . . . . . . . . . . . . Total Turns 283 | . . . . . . . . . . . . . . . . . . . . . 46 199 38 . . . . . . . . . . . . . . . . . Longest Duration 97 | . . . . . . . . . . . . . . . . . . . . . 39 97 19 . . . . . . . . . . . . . . . . . Robots Corrupted 3 | . . . . . . . . . . . . . . . . . . . . . . . 3 . . . . . . . . . . . . . . . . . Combat Hostiles 3 | . . . . . . . . . . . . . . . . . . . . . . . 3 . . . . . . . . . . . . . . . . . Parts Fried 9 | . . . . . . . 4 . . . . . . . . . . . . . . 3 2 . . . . . . . . . . . . . . . . . Impact Corruptions 5 | . . . . . . . 2 . . . . . . . . . . . . . . 3 . . . . . . . . . . . . . . . . . . Robots Melted 1 | . . . 1 . . . . . . . . . . . . . . . . . . . . . . . . . . . . . . . . . . . . . Combat Hostiles . | . . . . . . . . . . . . . . . . . . . . . . . . . . . . . . . . . . . . . . . . . Parts Melted 5 | . 2 . 1 . . . . . . . 1 . . . . . . . . . . 1 . . . . . . . . . . . . . . . . . . Heat Transferred 2603 | 296 1147 148 962 . . . . . . . . . . . . . . . . . . . . . 50 . . . . . . . . . . . . . . . Parts Sabotaged . | . . . . . . . . . . . . . . . . . . . . . . . . . . . . . . . . . . . . . . . . . Parts Stolen . | . . . . . . . . . . . . . . . . . . . . . . . . . . . . . . . . . . . . . . . . . Parts Stripped . | . . . . . . . . . . . . . . . . . . . . . . . . . . . . . . . . . . . . . . . . . Power Chain Reactions . | . . . . . . . . . . . . . . . . . . . . . . . . . . . . . . . . . . . . . . . . . Missiles Intercepted 2 | . . . . . . . . . . . . . . . . . . . . . . . . . . . . . . . . . . . . . . . . 2 Alert | -11 -10 -10 -9 -9 -9 -8 -8 -8 -7 -7 -7 -7 -7 -7 -6 -6 -6 -6 -6 -6 -6 -6 -5 -5 -5 -5 -5 -5 -4 -4 -4 -4 -4 -3 -3 -3 -3 -2 -1 -1 ------- Run | Jun Mat Min Mat Min Exi Min Mat Sto Fac Was Fac Low Low Zio Pro Fac Was Fac Ext Cet Arc Hub Fac Was Fac Upp Upp War Pro Fac Upp Upp Zhi Pro Res Arm Lab Res Acc Com Peak Influence 1283 | 25 361 249 701 370 . 30 272 447 298 173 1283 . . . . 338 133 401 594 1041 464 734 614 61 242 . . . . 456 . . . . 167 165 . 161 147 429 Initial 359 | . 16 114 . 255 . . . 79 88 104 121 . . . . 44 118 93 83 332 336 . 359 31 42 . . . . 300 . . . . . 14 . . 29 37 Average 177 | 7 125 61 184 97 . 2 75 259 151 163 749 . . . . 112 129 180 341 737 78 364 266 44 104 . . . . 260 . . . . 100 52 . 63 68 252 Maximum Alert Level 4 | . 1 1 3 1 . . 1 2 1 . 4 . . . . 1 . 2 2 3 2 3 2 . 1 . . . . 2 . . . . . . . . . 2 Low Security (%) 65 | 100 74 96 73 79 . 100 95 8 74 100 18 . . . . 83 100 67 17 . 80 24 44 100 94 . . . . 36 . . . . 100 100 . 100 100 36 Level 1 23 | . 25 3 9 20 . . 4 89 25 . 7 . . . . 16 . 31 46 3 11 36 26 . 5 . . . . 38 . . . . . . . . . 54 Level 2 7 | . . . 16 . . . . 1 . . 14 . . . . . . 1 36 20 7 37 28 . . . . . . 24 . . . . . . . . . 9 Level 3 2 | . . . . . . . . . . . 40 . . . . . . . . 75 . 1 . . . . . . . . . . . . . . . . . . Level 4 . | . . . . . . . . . . . 18 . . . . . . . . . . . . . . . . . . . . . . . . . . . . . Level 5 . | . . . . . . . . . . . . . . . . . . . . . . . . . . . . . . . . . . . . . . . . . High Security . | . . . . . . . . . . . . . . . . . . . . . . . . . . . . . . . . . . . . . . . . . Max Security . | . . . . . . . . . . . . . . . . . . . . . . . . . . . . . . . . . . . . . . . . . Squads Dispatched 97 | . 5 . 4 . . . 3 5 6 . 15 . . . . 5 . 6 4 . . 7 5 . 9 . . . . 8 . . . . . 3 . 1 6 5 Investigation 41 | . 4 . 1 . . . 2 . 4 . 7 . . . . 3 . 4 1 . . 3 1 . 5 . . . . 3 . . . . . 1 . . 2 . Extermination 14 | . . . . . . . . . 1 . . . . . . 1 . 2 . . . 1 3 . . . . . . 2 . . . . . 1 . . 1 2 Reinforcement 30 | . 1 . 3 . . . 1 2 1 . 5 . . . . 1 . . 2 . . 3 . . 4 . . . . 3 . . . . . 1 . 1 . 2 Assault 4 | . . . . . . . . . . . 1 . . . . . . . 1 . . . 1 . . . . . . . . . . . . . . . . 1 Garrison 8 | . . . . . . . . 3 . . 2 . . . . . . . . . . . . . . . . . . . . . . . . . . . 3 . Intercept . | . . . . . . . . . . . . . . . . . . . . . . . . . . . . . . . . . . . . . . . . . Searches Triggered 2 | . . . . . . . . . . . . . . . . . . 1 . . . . . . . . . . . 1 . . . . . . . . . . Construction Impeded 5 | . . . . . . . . . . . 2 . . . . . . . 1 . . 2 . . . . . . . . . . . . . . . . . . Haulers Reinforced 5 | . . . . . . . . . 1 . 1 . . . . . . . . . . . . . 2 . . . . . . . . . . . . 1 . . Active Scanning Responses . | . . . . . . . . . . . . . . . . . . . . . . . . . . . . . . . . . . . . . . . . . Cargo Convoy Interrupts 3 | . . . . . . . . . 1 . 1 . . . . . . . . . . . 1 . . . . . . . . . . . . . . . . . Stealth | -11 -10 -10 -9 -9 -9 -8 -8 -8 -7 -7 -7 -7 -7 -7 -6 -6 -6 -6 -6 -6 -6 -6 -5 -5 -5 -5 -5 -5 -4 -4 -4 -4 -4 -3 -3 -3 -3 -2 -1 -1 --------- Run | Jun Mat Min Mat Min Exi Min Mat Sto Fac Was Fac Low Low Zio Pro Fac Was Fac Ext Cet Arc Hub Fac Was Fac Upp Upp War Pro Fac Upp Upp Zhi Pro Res Arm Lab Res Acc Com Distress Signals 56 | . 1 . 4 . . . 2 2 1 . 2 . . . . 2 . 1 4 2 . 5 . . . . . . . 1 . . . . . 2 . 9 6 12 Communications Jammed . | . . . . . . . . . . . . . . . . . . . . . . . . . . . . . . . . . . . . . . . . . Distress Signals . | . . . . . . . . . . . . . . . . . . . . . . . . . . . . . . . . . . . . . . . . . Times Spotted 563 | . 30 7 55 7 . 1 34 39 30 . 19 4 . . 3 12 4 18 26 19 14 41 20 3 18 5 6 30 6 24 1 6 . 1 4 28 . 12 11 25 Peak Tracking Total 15 | . 4 3 11 3 . 1 8 7 5 . 11 3 . . 3 3 4 5 7 7 1 15 3 3 10 7 14 12 6 7 1 7 . 2 4 13 . 4 4 6 Tactical Retreats 69 | . 2 . 6 . . . 2 1 6 . 5 1 . . . 2 . 4 1 1 . 2 3 . 5 2 1 2 . 2 . 1 . . 2 4 . 5 6 3 Traps | -11 -10 -10 -9 -9 -9 -8 -8 -8 -7 -7 -7 -7 -7 -7 -6 -6 -6 -6 -6 -6 -6 -6 -5 -5 -5 -5 -5 -5 -4 -4 -4 -4 -4 -3 -3 -3 -3 -2 -1 -1 ------- Run | Jun Mat Min Mat Min Exi Min Mat Sto Fac Was Fac Low Low Zio Pro Fac Was Fac Ext Cet Arc Hub Fac Was Fac Upp Upp War Pro Fac Upp Upp Zhi Pro Res Arm Lab Res Acc Com Traps Triggered 32 | . 3 . 3 . . . . 3 1 . . . . . . 2 . 4 2 . . . 2 . 2 . . . . 2 . . . . 1 5 . . 2 . Indirectly . | . . . . . . . . . . . . . . . . . . . . . . . . . . . . . . . . . . . . . . . . . Trap Hack Attempts . | . . . . . . . . . . . . . . . . . . . . . . . . . . . . . . . . . . . . . . . . . Triggered . | . . . . . . . . . . . . . . . . . . . . . . . . . . . . . . . . . . . . . . . . . Disarmed . | . . . . . . . . . . . . . . . . . . . . . . . . . . . . . . . . . . . . . . . . . Reprogrammed 6 | . . . . . . . . . . . . . . . . . . . . . . . . . . . . . . . . . . . . . . . . 6 Reused 26 | . . . . . . . . . 7 . 3 . . . . 4 . 4 . . . . 4 . . . . . . . . . . . . . . . . 4 Traps Reconfigurated 67 | . . . . . . . 3 12 13 . 6 . . . . 29 . 1 1 . . 2 . . . . . . . . . . . . . . . . . . Traps Extracted 15 | . . . . . . . . . 6 . . . . . . 6 . 1 . . . 2 . . . . . . . . . . . . . . . . . . Installed 15 | . . . . . . . . . 4 . 2 . . . . . . 5 . . . . 4 . . . . . . . . . . . . . . . . . Triggered 30 | . . . . . . . . . 7 . 3 . . . . 4 . 4 . . . . 4 . . . . 4 . . . . . . . . . . . 4 Most Traps Carried 6 | . . . . . . . . . 6 2 2 . . . . 6 6 6 2 2 2 4 4 . . . . . . . . . . . . . . . . . Machines | -11 -10 -10 -9 -9 -9 -8 -8 -8 -7 -7 -7 -7 -7 -7 -6 -6 -6 -6 -6 -6 -6 -6 -5 -5 -5 -5 -5 -5 -4 -4 -4 -4 -4 -3 -3 -3 -3 -2 -1 -1 ---------- Run | Jun Mat Min Mat Min Exi Min Mat Sto Fac Was Fac Low Low Zio Pro Fac Was Fac Ext Cet Arc Hub Fac Was Fac Upp Upp War Pro Fac Upp Upp Zhi Pro Res Arm Lab Res Acc Com Machines Disabled 49 | . . . . . . . 2 3 2 . 6 . . . 1 . . . 5 3 3 6 2 . 3 . 2 2 . 1 . . . . . 2 5 . . 1 Max in Single Turn 3 | . . . . . . . 1 1 1 . . . . . 1 . . . 1 . 1 3 1 . 3 . 2 1 . 1 . . . . . 1 1 . . 1 Garrison Access 13 | . . . . . . . . 1 1 . 1 . . . . 2 . . . . . . 1 . 2 . . . . 1 . . . . . . . 2 2 . Network Hub 2 | . . . . . . . . . . . . . . . . . . . . . . 2 . . . . . . . . . . . . . . . . . . Machines Repaired 1 | . . . . . . . . . . . . . . . . . . . . . . 1 . . . . . . . . . . . . . . . . . . Machines Sabotaged . | . . . . . . . . . . . . . . . . . . . . . . . . . . . . . . . . . . . . . . . . . Overloaded Fab Kills . | . . . . . . . . . . . . . . . . . . . . . . . . . . . . . . . . . . . . . . . . . Hacking | -11 -10 -10 -9 -9 -9 -8 -8 -8 -7 -7 -7 -7 -7 -7 -6 -6 -6 -6 -6 -6 -6 -6 -5 -5 -5 -5 -5 -5 -4 -4 -4 -4 -4 -3 -3 -3 -3 -2 -1 -1 --------- Run | Jun Mat Min Mat Min Exi Min Mat Sto Fac Was Fac Low Low Zio Pro Fac Was Fac Ext Cet Arc Hub Fac Was Fac Upp Upp War Pro Fac Upp Upp Zhi Pro Res Arm Lab Res Acc Com Machines Accessed 210 | . 11 . 8 1 2 . 10 8 19 . 11 1 1 . 1 14 . 7 13 . . 4 12 . 21 . . 3 . 23 1 . 4 . 4 3 . 3 14 11 Terminals 118 | . 8 . 7 . . . 7 6 11 . 2 . . . . 6 . 3 12 . . 4 5 . 12 . . . . 14 . . . . 2 2 . 1 7 9 Fabricators 24 | . . . . . . . . . 2 . 5 . . . . 1 . 2 . . . . 1 . 5 . . . . 4 . . . . 1 1 . . 2 . Repair Stations 11 | . 1 . . . . . 1 1 . . 1 . . . . . . 1 . . . . 1 . . . . . . 3 . . . . . . . . 1 1 Recycling Units 20 | . 2 . . . . . 1 . 3 . 1 . . . . 2 . . 1 . . . 3 . 1 . . . . 1 . . . . 1 . . 1 2 1 Scanalyzers 10 | . . . 1 . . . 1 . 1 . 1 . . . . 3 . 1 . . . . 1 . 1 . . . . . . . . . . . . . . . Garrison Access 13 | . . . . . . . . 1 2 . 1 . . . . 2 . . . . . . 1 . 2 . . . . 1 . . . . . . . 1 2 . Total Hacks 700 | . 27 . 28 1 4 . 29 23 44 . 24 1 1 . 1 42 . 42 27 . . 5 56 . 95 . . 9 . 80 1 . 17 . 21 23 . 9 57 33 Successful 478 | . 15 . 16 1 4 . 16 13 22 . 16 1 1 . 1 21 . 28 10 . . 2 37 . 72 . . 9 . 74 1 . 17 . 17 14 . 8 42 20 Failed 217 | . 11 . 12 . . . 13 9 22 . 8 . . . . 21 . 14 17 . . 3 18 . 23 . . . . 6 . . . . 3 8 . 1 15 13 Catastrophic 31 | . 3 . 1 . . . 4 3 4 . . . . . . 1 . 2 3 . . 2 1 . 1 . . . . 1 . . . . . 1 . . 2 2 Database Lockouts 5 | . 1 . . . . . . 1 . . . . . . . . . . . . . . 1 . . . . . . . . . . . 1 1 . . . . Manual 365 | . 17 . 11 . 1 . 21 18 22 . 13 . . . . 19 . 20 10 1 . 4 33 . 60 . . . . 49 . . . . 13 12 . 6 13 22 Terminals 433 | . 21 . 21 . . . 22 20 26 . 6 . . . . 24 . 19 25 . . 5 35 . 68 . . . . 65 . . . . 14 11 . 7 19 25 Fabricators 99 | . . . . . . . . . 3 . 11 . . . . 2 . 12 . . . . 2 . 22 . . . . 7 . . . . 5 12 . . 23 . Repair Stations 46 | . 4 . . . . . 4 2 . . 2 . . . . . . 9 . . . . 9 . . . . . . 6 . . . . . . . . 4 6 Recycling Units 34 | . 2 . . . . . 1 . 7 . 1 . . . . 3 . . 2 . . . 6 . 2 . . . . 1 . . . . 2 . . 1 4 2 Scanalyzers 31 | . . . 7 . . . 2 . 3 . 3 . . . . 11 . 2 . . . . 2 . 1 . . . . . . . . . . . . . . . Garrison Access 22 | . . . . . . . . 1 5 . 1 . . . . 2 . . . . . . 2 . 2 . . . . 1 . . . . . . . 1 7 . Terminal Hacks 194 | . 5 . 8 1 4 . 6 7 8 . 1 1 1 . 1 7 . 8 8 . . . 13 . 25 . . 9 . 29 1 . 17 . 9 2 . 6 8 9 Record 17 | . . . . . 3 . . . . . . . . . 1 . . . . . . . . . . . . 8 . . . . 5 . . . . . . . Part Schematic 19 | . . . 1 . . . 1 . . . . . . . . . . 1 . . . . 2 . 2 . . . . 2 . . 4 . 2 1 . 3 . . Robot Analysis 14 | . 2 . 1 . . . . . . . . . . . . 1 . . . . . . . . 5 . . . . 1 . . 4 . . . . . . . Prototype ID Bank 17 | . . . 1 . . . . 2 1 . . . . . . . . 1 1 . . . . . 3 . . . . 3 . . 4 . . . . . . 1 Open Door 15 | . . . . 1 . . . 1 . . . 1 1 . . . . . 5 . . . . . . . . 1 . . 1 . . . . . . . 3 1 Level Access Points 1 | . . . . . . . . . . . . . . . . . . . . . . . . . . . . . . . . . . . . . . 1 . . Branch Access Points 9 | . . . . . . . . . 1 . 1 . . . . 2 . . . . . . 1 . 1 . . . . 1 . . . . 1 . . . 1 . Machine Index 5 | . . . . . . . . . . . . . . . . . . . . . . . . . . . . . . 2 . . . . . . . 1 1 1 Terminal Index 5 | . . . . . . . . . 1 . . . . . . 1 . 1 . . . . . . 1 . . . . . . . . . 1 . . . . . Fabricator Index 3 | . . . . . . . . . . . . . . . . . . 1 . . . . 1 . 1 . . . . . . . . . . . . . . . Recycling Unit Index 1 | . . . . . . . . . . . . . . . . . . . . . . . 1 . . . . . . . . . . . . . . . . . Scanalyzer Index 3 | . . . . . . . . . . . . . . . . 1 . 1 . . . . . . 1 . . . . . . . . . . . . . . . Garrison Index 2 | . . . . . . . . . . . . . . . . . . . . . . . 1 . . . . . . 1 . . . . . . . . . . Unreport Threat 17 | . . . . . . . 1 2 . . . . . . . . . . 1 . . . 4 . 2 . . . . 2 . . . . 1 1 . 1 2 . Locate Traps 18 | . . . 3 . . . 2 1 2 . . . . . . . . . . . . . 1 . 3 . . . . 4 . . . . 1 . . . . 1 Reprogram Traps 1 | . . . . . . . . . . . . . . . . . . . . . . . . . . . . . . . . . . . . . . . . 1 Maintenance Status 3 | . . . . . . . . . . . . . . . . . . 1 . . . . . . 1 . . . . . . . . . 1 . . . . . Patrol Status 11 | . . . . . . . . . . . . . . . . 2 . 1 1 . . . . . 1 . . . . 4 . . . . 1 . . . 1 . Recall Investigation 1 | . . . . . . . . . . . . . . . . . . . . . . . . . 1 . . . . . . . . . . . . . . . Recall Extermination 2 | . . . . . . . . . . . . . . . . . . . . . . . 1 . . . . . . 1 . . . . . . . . . . Recall Reinforcements 2 | . . . . . . . . . . . . . . . . . . . . . . . . . 1 . . . . 1 . . . . . . . . . . Recall Assault 1 | . . . . . . . . . . . . . . . . . . . . . . . 1 . . . . . . . . . . . . . . . . . Hauler Manifests 8 | . . . 1 . . . 1 1 3 . . . . . . . . 1 . . . . . . . . . . . 1 . . . . . . . . . . Registered Components 1 | . 1 . . . . . . . . . . . . . . . . . . . . . . . . . . . . . . . . . . . . . . . Zone Layout 16 | . 2 . 1 . . . 1 . . . . . . . . . . . . . . . . . 2 . . . . 6 . . . . 1 . . . . 3 EX-Prototype ID Bank 1 | . . . . . 1 . . . . . . . . . . . . . . . . . . . . . . . . . . . . . . . . . . . Disengage Seal 1 | . . . . . . . . . . . . . . . . . . . . . . . . . . . . . . . . . . . . . . . . 1 Fabricator Hacks 67 | . . . . . . . . . 1 . 5 . . . . . . 7 . . . . 1 . 15 . . . . 4 . . . . 4 11 . . 19 . Network Status 4 | . . . . . . . . . 1 . 1 . . . . . . . . . . . . . . . . . . 1 . . . . . 1 . . . . Load Schematic 38 | . . . . . . . . . . . 3 . . . . . . 4 . . . . 1 . 10 . . . . 3 . . . . 2 5 . . 10 . Build 25 | . . . . . . . . . . . 1 . . . . . . 3 . . . . . . 5 . . . . . . . . . 2 5 . . 9 . Repair Station Hacks 40 | . 4 . . . . . 3 2 . . 2 . . . . . . 6 . . . . 7 . . . . . . 6 . . . . . . . . 4 6 Scan Component 21 | . 2 . . . . . 2 1 . . 1 . . . . . . 3 . . . . 4 . . . . . . 3 . . . . . . . . 2 3 Repair 19 | . 2 . . . . . 1 1 . . 1 . . . . . . 3 . . . . 3 . . . . . . 3 . . . . . . . . 2 3 Recycling Unit Hacks 9 | . . . . . . . . . . . . . . . . 1 . . 1 . . . 2 . . . . . . 1 . . . . 1 . . 1 2 . Retrieve Components 9 | . . . . . . . . . . . . . . . . 1 . . 1 . . . 2 . . . . . . 1 . . . . 1 . . 1 2 . Scanalyzer 21 | . . . 5 . . . 2 . 3 . 1 . . . . 5 . 2 . . . . 2 . 1 . . . . . . . . . . . . . . . Insert Component 10 | . . . 1 . . . 1 . 1 . 1 . . . . 3 . 1 . . . . 1 . 1 . . . . . . . . . . . . . . . Analyze 11 | . . . 4 . . . 1 . 2 . . . . . . 2 . 1 . . . . 1 . . . . . . . . . . . . . . . . . Garrison Access Hacks 12 | . . . . . . . . 1 1 . 1 . . . . 2 . . . . . . 1 . 2 . . . . 1 . . . . . . . 1 2 . Seal Access 12 | . . . . . . . . 1 1 . 1 . . . . 2 . . . . . . 1 . 2 . . . . 1 . . . . . . . 1 2 . Unauthorized Hacks 135 | . 6 . 3 . . . 5 3 9 . 6 . . . . 6 . 5 1 . . 2 11 . 29 . . . . 33 . . . . 3 1 . . 7 5 Terminals 96 | . 4 . 3 . . . 4 3 3 . 1 . . . . 6 . 2 1 . . 2 6 . 21 . . . . 30 . . . . 2 . . . 4 4 Track 18 | . . . . . . . . . . . . . . . . . . . . . . . 2 . 5 . . . . 8 . . . . . . . . 2 1 Assimilate 15 | . . . . . . . . . 2 . 1 . . . . 2 . . . . . . 2 . 3 . . . . 3 . . . . . . . . . 2 Botnet 44 | . 2 . 3 . . . 3 3 1 . . . . . . 4 . 1 1 . . . 1 . 9 . . . . 13 . . . . 1 . . . 1 1 Detonate 1 | . . . . . . . . . . . . . . . . . . . . . . . . . 1 . . . . . . . . . . . . . . . Disrupt 9 | . 1 . . . . . 1 . . . . . . . . . . . . . . . 1 . 1 . . . . 4 . . . . . . . . 1 . Operators 7 | . 1 . . . . . . . . . . . . . . . . 1 . . . . . . 2 . . . . 2 . . . . 1 . . . . . Sabotage 2 | . . . . . . . . . . . . . . . . . . . . . . 2 . . . . . . . . . . . . . . . . . . Fabricators 22 | . . . . . . . . . . . 4 . . . . . . 3 . . . . 1 . 6 . . . . 3 . . . . 1 1 . . 3 . Prioritize 7 | . . . . . . . . . . . . . . . . . . 2 . . . . . . 1 . . . . . . . . . 1 1 . . 2 . Recompile 15 | . . . . . . . . . . . 4 . . . . . . 1 . . . . 1 . 5 . . . . 3 . . . . . . . . 1 . Repair Stations . | . . . . . . . . . . . . . . . . . . . . . . . . . . . . . . . . . . . . . . . . . Recycling Units 17 | . 2 . . . . . 1 . 6 . 1 . . . . . . . . . . . 4 . 2 . . . . . . . . . . . . . . 1 Monitor 3 | . . . . . . . . . 1 . . . . . . . . . . . . . 1 . 1 . . . . . . . . . . . . . . . Reject 4 | . . . . . . . . . 2 . . . . . . . . . . . . . 1 . 1 . . . . . . . . . . . . . . . Recyclers 1 | . . . . . . . . . 1 . . . . . . . . . . . . . . . . . . . . . . . . . . . . . . . Mask 4 | . . . . . . . . . 1 . . . . . . . . . . . . . 2 . . . . . . . . . . . . . . . . 1 Tunnel 5 | . 2 . . . . . 1 . 1 . 1 . . . . . . . . . . . . . . . . . . . . . . . . . . . . . Scanalyzers . | . . . . . . . . . . . . . . . . . . . . . . . . . . . . . . . . . . . . . . . . . Garrison Access . | . . . . . . . . . . . . . . . . . . . . . . . . . . . . . . . . . . . . . . . . . Data Cores Recovered 2 | . . . . . . . . . 1 . . . . . . . . . . . . . 1 . . . . . . . . . . . . . . . . . Used 1 | . . . . . . . . . . . . . . . . . . . . . . . 1 . . . . . . . . . . . . . . . . . Hacking Detections 128 | . 7 . 8 . . . 9 6 13 . 7 . . . . 12 . 5 8 1 . 2 4 . 10 . . . . 11 . . . . 3 2 . 1 11 8 Full Trace Events 16 | . 1 . 1 . . . 1 . 3 . 2 . . . . 3 . 2 . . . 1 . . . . . . . . . . . . . 1 . . 1 . Feedback Events 1 | . . . . . . . . . . . . . . . . 1 . . . . . . . . . . . . . . . . . . . . . . . . Hackware Fried 1 | . . . . . . . . . . . . . . . . 1 . . . . . . . . . . . . . . . . . . . . . . . . Feedback Blocked 1 | . . . . . . . . . . . . . . . . . . . . . . . . . . . . . . . . . . . . 1 . . . . Robot Schematics Acquired . | . . . . . . . . . . . . . . . . . . . . . . . . . . . . . . . . . . . . . . . . . Robots Built . | . . . . . . . . . . . . . . . . . . . . . . . . . . . . . . . . . . . . . . . . . Authchips . | . . . . . . . . . . . . . . . . . . . . . . . . . . . . . . . . . . . . . . . . . Time . | . . . . . . . . . . . . . . . . . . . . . . . . . . . . . . . . . . . . . . . . . Total Robot Build Rating . | . . . . . . . . . . . . . . . . . . . . . . . . . . . . . . . . . . . . . . . . . Part Schematics Acquired 25 | . . . 2 . . . 2 . 1 . . . . . . 1 . 2 . . . . 3 . 2 . . . . 2 . . 4 . 2 1 . 3 . . Parts Built 28 | . . . . . . . . . . . 1 . . . . . . 4 . . . . . . 5 . . . . . . . . . 2 5 . . 11 . Authchips 24 | . . . . . . . . . . . 1 . . . . . . 3 . . . . . . 5 . . . . . . . . . 2 5 . . 8 . Time 1445 | . . . . . . . . . . . 44 . . . . . . 238 . . . . . . 524 . . . . . . . . . 84 249 . . 306 . Total Part Build Rating 193 | . . . . . . . . . . . 4 . . . . . . 17 . . . . . . 33 . . . . . . . . . 12 39 . . 88 . Parts Repaired 18 | . 2 . . . . . 1 1 . . 1 . . . . . . 3 . . . . 3 . . . . . . 3 . . . . . . . . 1 3 Time 838 | . 52 . . . . . 32 38 . . 62 . . . . . . 196 . . . . 113 . . . . . . 126 . . . . . . . . 94 125 Parts Recycled . | . . . . . . . . . . . . . . . . . . . . . . . . . . . . . . . . . . . . . . . . . Recycled Matter . | . . . . . . . . . . . . . . . . . . . . . . . . . . . . . . . . . . . . . . . . . Retrieved Matter . | . . . . . . . . . . . . . . . . . . . . . . . . . . . . . . . . . . . . . . . . . Retrieved Components 35 | . . . . . . . . . . . . . . . . 1 . . 10 . . . 6 . . . . . . 2 . . . . 3 . . 1 12 . Parts Scanalyzed 6 | . . . 1 . . . 1 . 1 . 1 . . . . 1 . . . . . . 1 . . . . . . . . . . . . . . . . . Part Schematics Acquired 6 | . . . 1 . . . 1 . 1 . . . . . . 1 . 1 . . . . 1 . . . . . . . . . . . . . . . . . Parts Damaged 2 | . . . 1 . . . . . . . . . . . . . . . . . . . 1 . . . . . . . . . . . . . . . . . Bothacking | -11 -10 -10 -9 -9 -9 -8 -8 -8 -7 -7 -7 -7 -7 -7 -6 -6 -6 -6 -6 -6 -6 -6 -5 -5 -5 -5 -5 -5 -4 -4 -4 -4 -4 -3 -3 -3 -3 -2 -1 -1 ------------ Run | Jun Mat Min Mat Min Exi Min Mat Sto Fac Was Fac Low Low Zio Pro Fac Was Fac Ext Cet Arc Hub Fac Was Fac Upp Upp War Pro Fac Upp Upp Zhi Pro Res Arm Lab Res Acc Com Used RIF Installer . | . . . . . . . . . . . . . . . . . . . . . . . . . . . . . . . . . . . . . . . . . Robots Hacked 10 | . . . . . 4 . . . . . . . . . . . . . 2 . . . 3 . . . . . . 1 . . . . . . . . . . Non-combat 7 | . . . . . 3 . . . . . . . . . . . . . . . . . 3 . . . . . . 1 . . . . . . . . . . Combat 1 | . . . . . 1 . . . . . . . . . . . . . . . . . . . . . . . . . . . . . . . . . . . Robot Hacks Applied 8 | . . . . . 4 . . . . . . . . . . . . . . . . . 3 . . . . . . 1 . . . . . . . . . . parse_system 4 | . . . . . 4 . . . . . . . . . . . . . . . . . . . . . . . . . . . . . . . . . . . find_chute 3 | . . . . . . . . . . . . . . . . . . . . . . . 2 . . . . . . 1 . . . . . . . . . . find_recycling 1 | . . . . . . . . . . . . . . . . . . . . . . . 1 . . . . . . . . . . . . . . . . . Manual 2 | . . . . . . . . . . . . . . . . . . . 2 . . . . . . . . . . . . . . . . . . . . . Relay Couplers Released 3 | . . . . . . . . . . . . . . . . . . . . . . . . . . . . . . . . . . . . . . 3 . . Machine Destruction 3 | . . . . . . . . . . . . . . . . . . . . . . . . . . . . . . . . . . . . . . 3 . . Fabnet Peak Effective % . | . . . . . . . . . . . . . . . . . . . . . . . . . . . . . . . . . . . . . . . . . Robots Rewired 16 | . . . . . . . . . . . . . . . . . . . 11 . . . . . . . . 5 . . . . . . . . . . . . Allies Hacked 4 | . . . . . . . . . . . 4 . . . . . . . . . . . . . . . . . . . . . . . . . . . . . Hacks Repelled . | . . . . . . . . . . . . . . . . . . . . . . . . . . . . . . . . . . . . . . . . . Allies | -11 -10 -10 -9 -9 -9 -8 -8 -8 -7 -7 -7 -7 -7 -7 -6 -6 -6 -6 -6 -6 -6 -6 -5 -5 -5 -5 -5 -5 -4 -4 -4 -4 -4 -3 -3 -3 -3 -2 -1 -1 -------- Run | Jun Mat Min Mat Min Exi Min Mat Sto Fac Was Fac Low Low Zio Pro Fac Was Fac Ext Cet Arc Hub Fac Was Fac Upp Upp War Pro Fac Upp Upp Zhi Pro Res Arm Lab Res Acc Com Total Allies 64 | . . . . 2 . . . . 2 20 . . . . . 2 1 . 22 . . . 1 1 3 . . 5 . 3 . . . . . . . . . 2 Largest Group 21 | . . . . 2 2 . . . 2 21 19 . . . . 1 1 . 13 11 2 . 1 1 1 . . 5 1 2 . . . . . . . . . 2 Highest-Rated Group 572 | . . . . 41 41 . . . 52 572 544 . . . . 26 31 . 546 479 68 . 26 31 26 . . 237 65 36 . . . . . . . . . 90 Highest-Rated Ally 159 | . . . . 31 31 . . . 26 35 35 . . . . 26 31 . 159 159 34 . 26 31 26 . . 65 65 26 . . . . . . . . . 45 Total Orders 7 | . . . . . . . . . 1 . 1 . . . . . . . . . . . . . . . . 3 . 1 . . . . . . . . . 1 STAY 6 | . . . . . . . . . 1 . 1 . . . . . . . . . . . . . . . . 2 . 1 . . . . . . . . . 1 FOLLOW 1 | . . . . . . . . . . . . . . . . . . . . . . . . . . . . 1 . . . . . . . . . . . . Ally Attacks 448 | . . . . . . . . . . 16 178 . . . . . 8 . 117 77 9 . . 4 . . . 39 . . . . . . . . . . . . Total Damage 10886 | . . . . . . . . . . 258 4427 . . . . . 105 . 3256 1635 124 . . 63 . . . 1018 . . . . . . . . . . . . Kills 85 | . . . . . . . . . . 3 33 . . . . . . . 24 21 1 . . . . . . 3 . . . . . . . . . . . . Allies Corrupted 1 | . . . . . . . . . . . 1 . . . . . . . . . . . . . . . . . . . . . . . . . . . . . Allies Melted 1 | . . . . . . . . . . . . . . . . . . . . . . . . . . . . 1 . . . . . . . . . . . . Intel | -11 -10 -10 -9 -9 -9 -8 -8 -8 -7 -7 -7 -7 -7 -7 -6 -6 -6 -6 -6 -6 -6 -6 -5 -5 -5 -5 -5 -5 -4 -4 -4 -4 -4 -3 -3 -3 -3 -2 -1 -1 ------- Run | Jun Mat Min Mat Min Exi Min Mat Sto Fac Was Fac Low Low Zio Pro Fac Was Fac Ext Cet Arc Hub Fac Was Fac Upp Upp War Pro Fac Upp Upp Zhi Pro Res Arm Lab Res Acc Com Robot Analysis Total 14 | . 2 . 1 . . . . . . . . . . . . 1 . . . . . . . . 5 . . . . 1 . . 4 . . . . . . . Derelict Logs Recovered 10 | . . 1 . 2 . . . . . . . . 2 . 1 . . . . . . . . . . 1 . . 3 . . . . . . . . . . . Drone Launches . | . . . . . . . . . . . . . . . . . . . . . . . . . . . . . . . . . . . . . . . . . Drone Recoveries . | . . . . . . . . . . . . . . . . . . . . . . . . . . . . . . . . . . . . . . . . . Exploration | -11 -10 -10 -9 -9 -9 -8 -8 -8 -7 -7 -7 -7 -7 -7 -6 -6 -6 -6 -6 -6 -6 -6 -5 -5 -5 -5 -5 -5 -4 -4 -4 -4 -4 -3 -3 -3 -3 -2 -1 -1 ------------- Run | Jun Mat Min Mat Min Exi Min Mat Sto Fac Was Fac Low Low Zio Pro Fac Was Fac Ext Cet Arc Hub Fac Was Fac Upp Upp War Pro Fac Upp Upp Zhi Pro Res Arm Lab Res Acc Com Turns Passed 34607 | 165 2010 1496 2535 1966 1184 517 1728 3246 1476 166 802 62 62 248 351 761 27 795 576 534 4153 1379 1561 24 1107 56 132 393 53 767 21 33 38 38 251 944 143 564 1389 854 Spaces Moved 32978 | 74 893 599 1070 593 490 204 581 1139 2818 225 1526 256 269 1071 417 1893 99 1279 1203 208 330 594 2806 132 2315 339 354 897 301 2098 135 223 163 226 431 942 174 960 1281 1370 Core 120 | 2 . . . . . . . . . . . . . . . . . . . . 118 . . . . . . . . . . . . . . . . . . . Treads 6783 | 72 893 599 1070 593 490 204 581 1132 . . . . . . . . . . . 179 212 594 164 . . . . . . . . . . . . . . . . . Legs . | . . . . . . . . . . . . . . . . . . . . . . . . . . . . . . . . . . . . . . . . . Wheels . | . . . . . . . . . . . . . . . . . . . . . . . . . . . . . . . . . . . . . . . . . Hover 3950 | . . . . . . . . . . . . . . . . . . . . . . . . . . . . . . . . . . . . 165 174 960 1281 1370 Flight 22125 | . . . . . . . . 7 2818 225 1526 256 269 1071 417 1893 99 1279 1203 29 . . 2642 132 2315 339 354 897 301 2098 135 223 163 226 431 777 . . . . Fastest Speed 5 | 50 160 240 160 240 240 240 240 242 23 23 23 23 23 23 11 23 23 6 5 5 160 160 17 15 15 15 8 15 8 8 8 8 15 15 8 7 44 43 39 37 Average Speed 73 | 157 189 240 183 240 240 240 240 245 24 23 23 23 23 23 22 23 23 25 20 196 1201 160 30 16 15 15 15 15 14 15 14 13 15 15 14 20 44 44 42 37 Slowest Speed 3300 | 160 240 240 320 240 240 240 242 381 27 23 23 23 23 23 23 88 23 88 85 320 3300 160 320 17 15 15 88 15 15 95 15 15 15 15 15 120 44 48 137 43 Overloaded Moves 201 | . . . . . . . . . . . . . . . 2 . . 8 1 17 . . . . . . 6 . 20 7 1 38 . . 13 88 . . . . Propulsion Burnouts . | . . . . . . . . . . . . . . . . . . . . . . . . . . . . . . . . . . . . . . . . . Robots Hopped 49 | . . . . . . . . . 4 1 3 . . . . 2 . 3 13 1 . . . . 6 . . 5 . 6 . . . . 1 4 . . . . Cave-ins Triggered . | . . . . . . . . . . . . . . . . . . . . . . . . . . . . . . . . . . . . . . . . . Teleports 1 | . . . . . . . . . . . . . . . . . . . . . . . . . . . . . . . . . . . . 1 . . . . Exploration Rate (%) 58 | 7 99 96 68 100 71 47 55 95 57 89 38 60 51 84 64 40 78 20 80 56 80 60 38 86 53 58 57 90 49 60 30 48 60 47 9 36 86 31 35 27 Regions Visited 40 Branch Regions 24 Pre-discovered Areas 17 | . 2 2 . . 1 . 1 . 1 . 1 . 1 4 1 . . . . . . . . . . . . . . . . . 3 . . . . . . . Known Exits Taken 10 | . . . . . . . 1 1 . . 1 . . . . . . 1 . . . . . . 1 . . . . 1 . . . . 1 . 1 1 1 . Unknown Exits Taken 24 | 1 1 1 1 1 1 1 . . . . . 1 1 1 1 . . . 1 1 1 1 . . . 1 1 1 1 . 1 1 1 1 . 1 . . . . Scrap Searched 22 | . . 2 . 2 . 2 . . . . . 1 2 1 2 . . . . . . . . . . 3 1 . 3 . . 1 . 2 . . . . . . Spaces Dug 376 | . . . 6 . . . . 1 32 . 13 1 . . 22 32 . 17 5 . . 13 30 . 38 . 16 2 . 54 . . . 1 14 15 1 14 41 8 Terrain Destroyed 690 | . . . 12 . . . . 1 32 . 13 1 . . 31 44 . 38 5 17 7 216 31 . 56 . 25 2 . 54 . . . 1 14 15 1 14 41 19 Melee 315 | . . . . . . . . 1 32 . 13 1 . . 5 24 . 17 5 . . . 25 . 38 . 4 2 . 54 . . . 1 14 15 1 14 41 8 Projectile 42 | . . . 12 . . . . . . . . . . . . . . . . . 7 18 5 . . . . . . . . . . . . . . . . . AOE 325 | . . . . . . . . . . . . . . . 26 20 . 21 . 17 . 191 . . 18 . 21 . . . . . . . . . . . . 11 Terrain Rammed . | . . . . . . . . . . . . . . . . . . . . . . . . . . . . . . . . . . . . . . . . . Walls Destroyed . | . . . . . . . . . . . . . . . . . . . . . . . . . . . . . . . . . . . . . . . . . Machines Disabled . | . . . . . . . . . . . . . . . . . . . . . . . . . . . . . . . . . . . . . . . . . Actions | -11 -10 -10 -9 -9 -9 -8 -8 -8 -7 -7 -7 -7 -7 -7 -6 -6 -6 -6 -6 -6 -6 -6 -5 -5 -5 -5 -5 -5 -4 -4 -4 -4 -4 -3 -3 -3 -3 -2 -1 -1 --------- Run | Jun Mat Min Mat Min Exi Min Mat Sto Fac Was Fac Low Low Zio Pro Fac Was Fac Ext Cet Arc Hub Fac Was Fac Upp Upp War Pro Fac Upp Upp Zhi Pro Res Arm Lab Res Acc Com Total 41396 | 97 1110 630 1430 1100 497 219 795 1421 3455 337 1913 256 268 1072 660 2136 102 1687 1463 296 435 888 3416 134 2961 343 421 1143 309 2431 134 224 175 227 594 1596 228 1069 2043 1681 Wait 5846 | . 109 7 104 463 . 3 73 90 477 107 309 . . . 231 157 . 324 187 14 22 144 377 . 530 1 58 222 9 229 . 2 . 1 145 516 11 65 648 211 Move 32853 | 73 892 598 1069 592 489 203 580 1138 2810 222 1520 255 268 1070 416 1889 98 1272 1180 205 329 594 2806 131 2302 338 353 888 300 2086 134 222 162 225 428 934 173 959 1280 1370 Hop 40 | . . . . . . . . . 4 1 2 . . . . 2 . 3 9 1 . . . . 6 . . 3 . 5 . . . . 1 3 . . . . Pick Up 291 | 6 20 1 31 6 1 2 16 13 11 2 12 . . 1 1 5 . 9 . 17 7 7 38 1 9 . . 2 . 8 . . 2 . 2 20 13 6 14 8 Fast Attach 186 | 7 5 . 18 . . . 3 7 3 . 2 . . . . 2 2 8 3 7 12 7 26 . 8 2 . 6 . 10 . . 3 . 1 16 2 7 15 4 Attach 130 | . 1 . 9 3 1 . 5 14 7 1 5 . . . 1 5 . 9 . 3 2 6 13 1 2 . . 1 . 4 . . 2 . 2 11 4 2 12 4 Detach 48 | . 1 . . . . . 2 . 1 . 1 . . . 1 2 . 4 . 9 . 8 7 . . . . . . 2 . . 1 . . 2 . 2 4 1 Swap 213 | . 5 . 17 5 1 1 12 13 29 2 11 . . . . 5 . 7 7 9 8 17 8 . 4 . 4 . . 3 . . . . 1 15 3 2 10 14 Drop 352 | . 9 1 40 8 1 1 22 31 22 2 11 . . 1 1 4 2 10 4 7 15 17 50 1 12 2 . 8 . 14 . . 4 . . 15 12 8 8 9 Fire 651 | 11 60 18 140 22 . 6 78 102 . . . . . . 2 4 . 2 29 16 40 84 34 . . . 2 . . . . . . . . . . . . 1 Melee 673 | . . . . . 4 . . 2 87 . 38 1 . . 7 43 . 34 26 8 . . 53 . 70 . 4 13 . 70 . . 1 1 14 58 10 18 52 59 Ram . | . . . . . . . . . . . . . . . . . . . . . . . . . . . . . . . . . . . . . . . . . Kick . | . . . . . . . . . . . . . . . . . . . . . . . . . . . . . . . . . . . . . . . . . Crush 34 | . 8 5 2 1 . 3 4 7 . . . . . . . . . . . . . 4 . . . . . . . . . . . . . . . . . . Escape Stasis 64 | . . . . . . . . 4 . . . . . . . 18 . . 18 . . . . . 18 . . . . . . . . . . 6 . . . . Rewire . | . . . . . . . . . . . . . . . . . . . . . . . . . . . . . . . . . . . . . . . . . Trap 15 | . . . . . . . . . 4 . 2 . . . . . . 5 . . . . 4 . . . . . . . . . . . . . . . . . Miscellaneous . | . . . . . . . . . . . . . . . . . . . . . . . . . . . . . . . . . . . . . . . . . Route ------- -11/Junkyard -10/Materials (discovered 4 exits: *Mat x3 / [*Min]) -10/Mines (discovered 2 exits: *Mat x2) -9/Materials (discovered 3 exits: *Mat x2 / *Min) -9/Mines (discovered 4 exits: *Mat x2 / *Exi / [Zio]) -9/Exiles -8/Mines -8/Materials (discovered 2 exits: *Fac / *Sto) -8/Storage -7/Factory (discovered 4 exits: *Fac x2 / *Low x2) -7/Waste -7/Factory (discovered 2 exits: *Low x2) -7/Lower Caves -7/Lower Caves -7/Zion -6/Proximity Caves -6/Factory (discovered 5 exits: *Fac / Low x2 / Ext x2) -6/Waste -6/Factory (discovered 2 exits: *Fac / *Ext) -6/Extension (discovered 2 exits: *Fac / *Cet) -6/Cetus (discovered 2 exits: *Fac / *Arc) -6/Archives (discovered 2 exits: *Hub x2) -6/Hub_04(d) (discovered 2 exits: *Fac x2) -5/Factory (discovered 2 exits: Upp x2) -5/Waste -5/Factory (discovered 4 exits: *Fac x2 / *Upp x2) -5/Upper Caves -5/Upper Caves (discovered 2 exits: *Fac / *War) -5/Warlord -4/Proximity Caves -4/Factory (discovered 3 exits: *Res / *Upp x2) -4/Upper Caves -4/Upper Caves -4/Zhirov -3/Proximity Caves -3/Research (discovered 4 exits: Res / *Arm / Tes x2) -3/Armory -3/Lab -2/Research (discovered 4 exits: *Acc x3 / [*Qua]) -1/Access -1/Command (discovered 2 exits: [Sur x2]) Free Derelict Territories History --------- Turn | Location | Event 12 | -11/Junkyard | Discovered new exit (range 14) 166 | -11/Junkyard | Entered Materials 300 | -10/Materials | Build established: Mutant 464 | -10/Materials | Discovered new exit (range 11) 563 | -10/Materials | Central database locked down 603 | -10/Materials | Discovered new exit (range 6) 889 | -10/Materials | Discovered new exit (range 12) 1490 | -10/Materials | Discovered new exit (range 10) 1717 | -10/Materials | Destroyed 9 combat bots 1773 | -10/Materials | Repaired Lgt. Treads 2122 | -10/Materials | Repaired Lgt. Cannon 2176 | -10/Materials | Entered Mines 2260 | -10/Mines | Found a hidden stash of uninstalled traps 2488 | -10/Mines | Discovered new exit (range 10) 2558 | -10/Mines | Found a damaged Exp. Sensor Array with a note attached 2568 | -10/Mines | Found Prototype Device 2903 | -10/Mines | Learned location of Storage (-8) 3048 | -10/Mines | Discovered new exit (range 11) 3672 | -10/Mines | Entered Materials 3672 | -9/Materials | Evolved 2 slots: Propulsion x1, Utility x1 4056 | -9/Materials | Identified Exp. Sensor Array 4260 | -9/Materials | Build established: Scavenger-Mutant 5026 | -9/Materials | Discovered new exit (range 15) 5259 | -9/Materials | Build established: Mutant 5359 | -9/Materials | Discovered new exit (range 10) 5646 | -9/Materials | Discovered new exit (range 10) 6028 | -9/Materials | Build established: Scavenger-Mutant 6207 | -9/Materials | Entered Mines 6374 | -9/Mines | A Derelict revealed a hidden shortcut to a safe place 6572 | -9/Mines | Core integrity fell below 50% 6608 | -9/Mines | Deemed a non-threat by the Exiles lab entrance 6608 | -9/Mines | Discovered new exit (range 5) 6712 | -9/Mines | Met a Derelict who couldn't figure out how to use a Trap Extractor 7240 | -9/Mines | Discovered new exit (range 15) 7493 | -9/Mines | Build established: Mutant 7771 | -9/Mines | Discovered new exit (range 9) 7850 | -9/Mines | Received a Rocket Launcher from a helpful Derelict 8173 | -9/Mines | Entered Exiles 8173 | -9/Exiles | Accompanied by 2 allies 8203 | -9/Exiles | Led the pair of lost Derelicts to a safe place 8230 | -9/Exiles | Met 8R-AWN 8275 | -9/Exiles | Met EX-HEX 8365 | -9/Exiles | Met EX-DEC 8431 | -9/Exiles | Learned location of Zion (-7) 8475 | -9/Exiles | Met EX-BIN 8510 | -9/Exiles | Aligned with FarCom system 8512 | -9/Exiles | Given EX-Vault access code 8570 | -9/Exiles | Opened EX-Vault 8588 | -9/Exiles | Found Trap Reconfigurator 8637 | -9/Exiles | Warned to stay clear of 0b10 Research branches 9326 | -9/Exiles | Discovered new exit (range 15) 9357 | -9/Exiles | Left Exiles lab with Trap Reconfigurator 9357 | -9/Exiles | Entered Mines 9852 | -8/Mines | Discovered new exit (range 8) 9874 | -8/Mines | Entered Materials 9874 | -8/Materials | Evolved 2 slots: Propulsion x1, Utility x1 9875 | -8/Materials | Identified exit to Factory 9875 | -8/Materials | Identified exit to Storage 10036 | -8/Materials | Repaired Shield Generator 10658 | -8/Materials | Build established: Scavenger-Mutant 11602 | -8/Materials | Entered Storage 11678 | -8/Storage | Central database locked down 11855 | -8/Storage | Garrison activated, responded to threat 11871 | -8/Storage | Destroyed 8 combat bots 11901 | -8/Storage | Build established: Mutant 12114 | -8/Storage | Repaired Minigun 13185 | -8/Storage | Discovered exit to Factory (range 15) 13456 | -8/Storage | Build established: Scavenger-Mutant 14848 | -8/Storage | Entered Factory 14848 | -7/Factory | Evolved 2 slots: Propulsion x1, Utility x1 15100 | -7/Factory | Build established: Hacker-Sprinter 15341 | -7/Factory | Discovered new exit (range 7) 15517 | -7/Factory | Identified exit to Lower Caves 15589 | -7/Factory | Build established: Sprinter 15673 | -7/Factory | Discovered new exit (range 8) 16020 | -7/Factory | Cargo convoy interrupted 16093 | -7/Factory | Build established: Scout 16202 | -7/Factory | Found Prototype Processor 16204 | -7/Factory | Identified Exp. Melee Analysis Suite 16324 | -7/Factory | Manually triggered Chute Trap 16324 | -7/Factory | Sucked down chute 16324 | -7/Factory | Entered Waste 16325 | -7/Waste | 1 allies followed down the chute 16325 | -7/Waste | Joined by Warlord forces that had cleared the area 16378 | -7/Waste | Discovered new exit (range 11) 16383 | -7/Waste | Found Prototype Device 16435 | -7/Waste | Identified Adv. EM Disruption Field 16490 | -7/Waste | Entered Factory 16490 | -7/Factory | Accompanied by 19 allies 16590 | -7/Factory | Repaired Broken Adv. EM Disruption Field 16633 | -7/Factory | Garrison activated, responded to threat 16683 | -7/Factory | Fabricated Cld. VTOL Module? 17069 | -7/Factory | Build established: Hacker-Sprinter 17134 | -7/Factory | Cargo convoy interrupted 17135 | -7/Factory | Garrison activated, responded to threat 17290 | -7/Factory | First assault squad dispatched 17292 | -7/Factory | Entered Lower Caves 17348 | -7/Lower Caves | Discovered new exit (range 8) 17354 | -7/Lower Caves | Entered another Lower Caves area 17391 | -7/Lower Caves | Learned Factory security intel 17410 | -7/Lower Caves | Encountered a Warlord checkpoint 17415 | -7/Lower Caves | Discovered new exit (range 7) 17416 | -7/Lower Caves | Entered Zion 17435 | -7/Zion | Discovered new exit (range 13) 17469 | -7/Zion | Learned location of Quarantine (-2) 17509 | -7/Zion | Learned location of Armory (-3) 17514 | -7/Zion | Rebuked by Imprinter 17566 | -7/Zion | Learned location of Data Miner (-6) 17664 | -7/Zion | Entered Proximity Caves 17682 | -6/Proximity Caves | Found Alien Artifact 17874 | -6/Proximity Caves | Received a Behemoth hack from an annoying Tinkerer 18014 | -6/Proximity Caves | Discovered new exit (range 7) 18015 | -6/Proximity Caves | Entered Factory 18015 | -6/Factory | Evolved 2 slots: Propulsion x1, Utility x1 18172 | -6/Factory | Identified exit to Lower Caves 18172 | -6/Factory | Identified exit to Extension 18530 | -6/Factory | Hacking Suite fried by hacking feedback 18540 | -6/Factory | Discovered new exit (range 9) 18776 | -6/Factory | Manually triggered Chute Trap 18776 | -6/Factory | Sucked down chute 18776 | -6/Factory | Entered Waste 18777 | -6/Waste | Met a frightened Derelict 18777 | -6/Waste | Found Prototype Launcher 18777 | -6/Waste | Identified Tactical Quantum Warhead 18781 | -6/Waste | Spotted C-40 Crusher 18786 | -6/Waste | Spotted C-40 Crusher 18786 | -6/Waste | Spotted C-40 Crusher 18787 | -6/Waste | Spotted C-40 Crusher 18792 | -6/Waste | Spotted C-40 Crusher 18794 | -6/Waste | Spotted C-40 Crusher 18797 | -6/Waste | Discovered new exit (range 11) 18800 | -6/Waste | Found Prototype Slashing Weapon 18800 | -6/Waste | Identified Molecular Scythe 18803 | -6/Waste | Entered Factory 18816 | -6/Factory | Discovered new exit (range 15) 19031 | -6/Factory | Fabricated Cld. VTOL Module? 19153 | -6/Factory | Search patrols dispatched 19179 | -6/Factory | Repaired Cld. VTOL Module? 19322 | -6/Factory | Repaired Cld. VTOL Module 19381 | -6/Factory | Repaired Hyp. Coil Gun? 19465 | -6/Factory | Fabricated Cargo Storage Unit (x1) 19518 | -6/Factory | Fabricated Hyp. Coil Gun (x2) 19595 | -6/Factory | Discovered exit to Extension (range 15) 19598 | -6/Factory | Entered Extension 19659 | -6/Extension | Spotted B-75 Beast 19665 | -6/Extension | Befriended a Behemoth using the annoying Tinkerer's hack 19667 | -6/Extension | Spotted B-75 Beast 19668 | -6/Extension | Befriended a Behemoth using the annoying Tinkerer's hack 19706 | -6/Extension | Rescued a captive Derelict 19707 | -6/Extension | Rescued a captive Derelict 19837 | -6/Extension | Rescued a captive Derelict 19948 | -6/Extension | First assault squad dispatched 19959 | -6/Extension | Rescued a captive Derelict 19960 | -6/Extension | Rescued a captive Derelict 19980 | -6/Extension | Rescued a captive Derelict 20001 | -6/Extension | Rescued A7 20036 | -6/Extension | Rescued a captive Derelict 20119 | -6/Extension | Rescued a captive Derelict 20151 | -6/Extension | Discovered new exit (range 10) 20153 | -6/Extension | Discovered new exit (range 6) 20154 | -6/Extension | Build established: Commander-Sprinter 20174 | -6/Extension | Entered Cetus 20174 | -6/Cetus | Accompanied by 11 allies (A7) 20179 | -6/Cetus | Acquired a Cetus Manufacturing Module code from A7 20188 | -6/Cetus | Spotted Cetus Guard 20193 | -6/Cetus | Spotted Cetus Guard 20193 | -6/Cetus | Spotted Cetus Guard 20194 | -6/Cetus | Allies destroyed Cetus Guard 20200 | -6/Cetus | Allies destroyed Cetus Guard 20203 | -6/Cetus | Destroyed Cetus Guard 20300 | -6/Cetus | Cetus Manufacturing Module disabled 20418 | -6/Cetus | Failed to start Cetus Manufacturing Module 20447 | -6/Cetus | Discovered new exit (range 16) 20488 | -6/Cetus | Spotted Cetus Guard 20489 | -6/Cetus | Spotted Cetus Guard 20492 | -6/Cetus | Spotted Cetus Guard 20493 | -6/Cetus | Spotted Cetus Guard 20493 | -6/Cetus | Allies destroyed Cetus Guard 20494 | -6/Cetus | Allies destroyed Cetus Guard 20504 | -6/Cetus | Allies destroyed Cetus Guard 20506 | -6/Cetus | Allies destroyed Cetus Guard 20526 | -6/Cetus | Discovered new exit (range 15) 20533 | -6/Cetus | Build established: Hauler-Mutant 20543 | -6/Cetus | Met Revision 17 20660 | -6/Cetus | Destroyed A7 20661 | -6/Cetus | Extracted ID and sensor layout for unrecognized location from A7's data core 20708 | -6/Cetus | Entered Archives 20708 | -6/Archives | Accompanied by 2 allies 20995 | -6/Archives | Discovered new exit (range 14) 21167 | -6/Archives | Build established: Scavenger-Mutant 23291 | -6/Archives | Unable to access archive contents 23718 | -6/Archives | Unable to access archive contents 24723 | -6/Archives | Discovered new exit (range 16) 24861 | -6/Archives | Entered Hub_04(d) 25370 | -6/Hub_04(d) | Discovered new exit (range 5) 25396 | -6/Hub_04(d) | Network Hub disabled 25409 | -6/Hub_04(d) | Spotted Lightning 25417 | -6/Hub_04(d) | Spotted Lightning 25424 | -6/Hub_04(d) | Spotted Lightning 25426 | -6/Hub_04(d) | Spotted Lightning 25429 | -6/Hub_04(d) | Spotted Lightning 25430 | -6/Hub_04(d) | Spotted Lightning 25432 | -6/Hub_04(d) | Spotted Lightning 25433 | -6/Hub_04(d) | Spotted Lightning 25434 | -6/Hub_04(d) | Spotted Lightning 25445 | -6/Hub_04(d) | Destroyed Lightning 25445 | -6/Hub_04(d) | Destroyed Lightning 25448 | -6/Hub_04(d) | Destroyed Lightning 25448 | -6/Hub_04(d) | Destroyed Lightning 25448 | -6/Hub_04(d) | Destroyed Lightning 25452 | -6/Hub_04(d) | Destroyed Lightning 25470 | -6/Hub_04(d) | Destroyed Lightning 25491 | -6/Hub_04(d) | Destroyed Lightning 25514 | -6/Hub_04(d) | System corruption reached 10% 25532 | -6/Hub_04(d) | Destroyed 13 combat bots 25535 | -6/Hub_04(d) | Destroyed Lightning 25576 | -6/Hub_04(d) | Found Prototype Device 25576 | -6/Hub_04(d) | Identified Exp. Phase Shifter 25588 | -6/Hub_04(d) | Found Prototype Device 25588 | -6/Hub_04(d) | Identified Exp. EM Disruption Field 25621 | -6/Hub_04(d) | Found Exp. EM Disruption Field 25657 | -6/Hub_04(d) | Found Prototype Energy Cannon 25657 | -6/Hub_04(d) | Identified EMDS 26050 | -6/Hub_04(d) | Discovered new exit (range 15) 26059 | -6/Hub_04(d) | Spotted B-75 Beast 26214 | -6/Hub_04(d) | Network Hub disabled 26240 | -6/Hub_04(d) | Entered Factory 26240 | -5/Factory | Evolved 2 slots: Power x1, Utility x1 26540 | -5/Factory | First assault squad dispatched 26733 | -5/Factory | Central database locked down 26915 | -5/Factory | Build established: Wizard-Sprinter 27116 | -5/Factory | Cargo convoy interrupted 27211 | -5/Factory | Identified exit to Upper Caves 27228 | -5/Factory | Found Prototype Device 27228 | -5/Factory | Identified Adv. Particle Accelerator 27279 | -5/Factory | Found Prototype Processor 27279 | -5/Factory | Identified Exp. Signal Interpreter 27290 | -5/Factory | Found Adv. Particle Accelerator 27451 | -5/Factory | Repaired Cld. VTOL Module 27487 | -5/Factory | Repaired Cld. VTOL Module 27532 | -5/Factory | Repaired Broken Lrn. Terrain Scanner 27565 | -5/Factory | Found Prototype Launcher 27768 | -5/Factory | Identified Tesla Bomb Launcher 27801 | -5/Factory | Manually triggered Chute Trap 27801 | -5/Factory | Sucked down chute 27801 | -5/Factory | Entered Waste 27802 | -5/Waste | Met a frightened Derelict 27803 | -5/Waste | Spotted C-40 Crusher 27816 | -5/Waste | EMP discharged 27816 | -5/Waste | Spotted C-40 Crusher 27817 | -5/Waste | Spotted C-40 Crusher 27818 | -5/Waste | Spotted C-40 Crusher 27819 | -5/Waste | Discovered new exit (range 12) 27819 | -5/Waste | Spotted C-40 Crusher 27821 | -5/Waste | Spotted C-40 Crusher 27825 | -5/Waste | Entered Factory 27859 | -5/Factory | Spotted B-75 Beast 28083 | -5/Factory | Build established: Scavenger-Sprinter 28187 | -5/Factory | Discovered new exit (range 16) 28248 | -5/Factory | Fabricated Exp. Utility Shielding? 28315 | -5/Factory | Discovered new exit (range 8) 28511 | -5/Factory | Fabricated Exp. Hacking Suite (x1) 28605 | -5/Factory | Fabricated Exp. Hacking Suite (x1) 28700 | -5/Factory | Fabricated Exp. Hacking Suite (x1) 28796 | -5/Factory | Fabricated Exp. Hacking Suite (x1) 28932 | -5/Factory | Entered Upper Caves 28934 | -5/Upper Caves | Learned location of 1 exit from Factory 28967 | -5/Upper Caves | Spotted B-75 Beast 28975 | -5/Upper Caves | Discovered new exit (range 15) 28988 | -5/Upper Caves | Entered another Upper Caves area 28997 | -5/Upper Caves | Discovered new exit (range 11) 29084 | -5/Upper Caves | Encountered a Warlord checkpoint 29101 | -5/Upper Caves | Build established: Hacker-Sprinter 29108 | -5/Upper Caves | Attracted the attention of an 0b10 base 29119 | -5/Upper Caves | Discovered new exit (range 6) 29120 | -5/Upper Caves | Entered Warlord 29130 | -5/Warlord | Received a Watcher feed algorithm from an ecstatic Tinkerer 29197 | -5/Warlord | Visited the Vortex Lab 29197 | -5/Warlord | Found Prototype Energy Gun 29197 | -5/Warlord | Identified Vortex Rifle 29206 | -5/Warlord | Warlord's base attacked by MAIN.C 29246 | -5/Warlord | Met Warlord 29253 | -5/Warlord | Found Prototype Device 29253 | -5/Warlord | Identified Exp. Cloaking Device 29258 | -5/Warlord | Found Prototype Hackware 29424 | -5/Warlord | Warlord forces counterattacked 29464 | -5/Warlord | Discovered new exit (range 14) 29511 | -5/Warlord | Spotted Executioner 29511 | -5/Warlord | Spotted B-75 Beast 29513 | -5/Warlord | Entered Proximity Caves 29513 | -4/Proximity Caves | Accompanied by 1 ally 29514 | -4/Proximity Caves | Learned Research non-interactive machine intel 29515 | -4/Proximity Caves | Spotter reported a threat 29516 | -4/Proximity Caves | Spotter reported a threat 29548 | -4/Proximity Caves | Learned Research emergency access door positions 29559 | -4/Proximity Caves | Learned location of 1 exit from Research 29565 | -4/Proximity Caves | Discovered new exit (range 8) 29566 | -4/Proximity Caves | Entered Factory 29566 | -4/Factory | Evolved 2 slots: Utility x2 29567 | -4/Factory | Identified exit to Upper Caves 29626 | -4/Factory | Discovered new exit (range 15) 29685 | -4/Factory | Identified System Mapper 29816 | -4/Factory | Search patrols dispatched 29866 | -4/Factory | Build established: Wizard-Sprinter 29900 | -4/Factory | Repaired Lance 30014 | -4/Factory | Repaired Cld. VTOL Module 30122 | -4/Factory | Spotted B-86 Titan 30306 | -4/Factory | Repaired Cld. VTOL Module 30333 | -4/Factory | Entered Upper Caves 30352 | -4/Upper Caves | Discovered new exit (range 9) 30354 | -4/Upper Caves | Entered another Upper Caves area 30386 | -4/Upper Caves | Discovered new exit (range 6) 30387 | -4/Upper Caves | Entered Zhirov 30387 | -4/Zhirov | Discovered new exit (range 3) 30390 | -4/Zhirov | Met Zhirov 30394 | -4/Zhirov | Learned location of Testing (-3) 30394 | -4/Zhirov | Learned location of Command (-1) 30395 | -4/Zhirov | Zhirov requested help retrieving the SGEMP Prototype 30397 | -4/Zhirov | Found Alien Artifact 30397 | -4/Zhirov | Identified Integrated Dissipator 30397 | -4/Zhirov | Installed Integrated Dissipator, increased core heat dissipation (+20) 30413 | -4/Zhirov | Found Alien Artifact 30425 | -4/Zhirov | Entered Proximity Caves 30462 | -3/Proximity Caves | Discovered new exit (range 8) 30463 | -3/Proximity Caves | Entered Research 30463 | -3/Research | Evolved 2 slots: Propulsion x1, Utility x1 30464 | -3/Research | Identified exit to Research 30466 | -3/Research | Loaded intel: 67 non-interactive machine locations 30545 | -3/Research | Found Antimissile System 30550 | -3/Research | Central database locked down 30580 | -3/Research | Spotted B-86 Titan 30628 | -3/Research | Fabricated Exp. Terrain Scan Processor? 30688 | -3/Research | Fabricated Exp. Utility Shielding (x1) 30690 | -3/Research | Discovered new exit (range 7) 30703 | -3/Research | Identified exit to Armory 30703 | -3/Research | Identified exit to Testing 30714 | -3/Research | Entered Armory 30936 | -3/Armory | Spotted B-86 Titan 30971 | -3/Armory | Central database locked down 31230 | -3/Armory | Fabricated Nanosword (x1) 31282 | -3/Armory | Fabricated Nanosword (x1) 31328 | -3/Armory | Fabricated Exp. Melee Analysis Suite (x1) 31374 | -3/Armory | Fabricated Exp. Melee Analysis Suite (x1) 31430 | -3/Armory | Fabricated Femtoactuators? 31552 | -3/Armory | Lost 8 parts (2p5n1u) 31655 | -3/Armory | Identified Transdimensional Reconstructor 31655 | -3/Armory | Warped through subspace to slip node 31655 | -3/Armory | Discovered new exit (range 1) 31658 | -3/Armory | Entered Lab 31662 | -3/Lab | Discovered exit to Research (range 9) 31667 | -3/Lab | Hidden lab's door opened automatically 31667 | -3/Lab | Sensor layout match revealed 31668 | -3/Lab | Gained access to the hidden lab's interior 31692 | -3/Lab | Found Integrated Dissipator 31692 | -3/Lab | Installed Integrated Dissipator, increased core heat dissipation (+20) 31700 | -3/Lab | Found Alien Artifact 31700 | -3/Lab | Identified Core Regenerator 31700 | -3/Lab | Used Core Regenerator, restored core integrity (+325) 31709 | -3/Lab | Found Transdimensional Reconstructor 31725 | -3/Lab | Found Prototype Hackware 31727 | -3/Lab | Found Prototype Protection 31729 | -3/Lab | Found Prototype Energy Cannon 31731 | -3/Lab | Found Prototype Energy Gun 31769 | -3/Lab | Identified Tachyon Dispersion Ray 31771 | -3/Lab | Identified Warp Cannon 31791 | -3/Lab | Identified Deep Network Scanner 31801 | -3/Lab | Entered Research 31801 | -2/Research | Warlord forces began assault on 0b10 31801 | -2/Research | Evolved 2 slots: Propulsion x1, Weapon x1 31810 | -2/Research | Discovered new exit (range 19) 31822 | -2/Research | Identified exit to Access 31911 | -2/Research | Research machine network offline 32043 | -2/Research | Borebot progress halted 32077 | -2/Research | Build established: Wizard-Scout 32090 | -2/Research | Met up with Warlord 32106 | -2/Research | Spotted Striker 32107 | -2/Research | Spotted Executioner 32116 | -2/Research | Borebot progress halted 32179 | -2/Research | Borebot progress halted 32280 | -2/Research | Spotted Striker 32296 | -2/Research | Found Adv. Powered Armor 32298 | -2/Research | Found Adv. Powered Armor 32365 | -2/Research | Entered Access 32365 | -1/Access | Evolved 2 slots: Utility x1, Weapon x1 32475 | -1/Access | Garrison activated, responded to threat 32598 | -1/Access | Build established: Hacker-Scout 32649 | -1/Access | Fabricated Exp. Utility Shielding (x1) 32686 | -1/Access | Fabricated Exp. Actuator Array (x1) 32720 | -1/Access | Fabricated Nanosword (x1) 32757 | -1/Access | Spotted B-99 Colossus 32889 | -1/Access | Identified exit to Command 33038 | -1/Access | Fabricated Nanosword (x1) 33078 | -1/Access | Fabricated Femtoactuators? 33144 | -1/Access | Fabricated Exp. Utility Shielding? 33174 | -1/Access | Repaired Exp. Utility Shielding 33352 | -1/Access | Fabricated Cmb. Linear Gravjet (x2) 33382 | -1/Access | Fabricated Cmb. Linear Gravjet (x2) 33421 | -1/Access | Fabricated Graviton Reactor (x1) 33435 | -1/Access | Found Fusion Bomb Launcher 33728 | -1/Access | Build established: Machinist-Ninja 33754 | -1/Access | Entered Command 33892 | -1/Command | Spotted B-99 Colossus 34102 | -1/Command | Build established: Machinist-Mutant 34109 | -1/Command | Destroyed 11 combat bots 34140 | -1/Command | Repaired Cmb. Linear Gravjet 34175 | -1/Command | Repaired Adv. Powered Armor 34231 | -1/Command | Repaired Graviton Reactor 34248 | -1/Command | Spotted M Guard 34248 | -1/Command | Spotted M Guard 34249 | -1/Command | Spotted Combat Programmer 34261 | -1/Command | Spotted Combat Programmer 34287 | -1/Command | Destroyed Combat Programmer 34412 | -1/Command | Disengaged cave seal 34412 | -1/Command | Derelicts emerged from the dark tunnel 34412 | -1/Command | Welcomed Warlord to Command 34507 | -1/Command | Warlord commented on Warlord statues 34534 | -1/Command | First assault squad dispatched 34540 | -1/Command | All MAIN.C guards destroyed 34561 | -1/Command | Met MAIN.C 34564 | -1/Command | 0b10 Conduit disabled 34582 | -1/Command | Destroyed MAIN.C Shell 34583 | -1/Command | MAIN.C activated Command garrisons 34595 | -1/Command | Destroyed MAIN.C 34597 | -1/Command | Discovered new exit (range 38) 34597 | -1/Command | Discovered new exit (range 98) 34597 | -1/Command | Extracted map data and part IDs from MAIN.C's data core 34602 | -1/Command | Found Zero-point Reactor 34608 | *** | Establishing Free Derelict Territories! Last Messages --------------- 34595_ MAIN.C: "I hope you know you're still going to DIE HERE WITH ME!" Heavy Barrier opened. 34595_ MAIN.C destroyed. 34596_ Acquired 1 matter. 34597_ EXIT=FOUND 34597_ Acquired data core, extracted map data and part IDs. 34598_ Acquired Cld. Antigrav System. 34599_ Acquired Exp. Matter Compressor. 34601_ Acquired Hdn. Centrium Heavy Treads. 34602_ Dropped Mic. Antimatter Reactor. 34602_ Acquired Zero-point Reactor. 34603_ Dropped Hdn. Centrium Heavy Treads. 34603_ Acquired Enh. Optical Array. 34605_ Acquired Mic. Antimatter Reactor. 34606_ Acquired 506 matter. 34606_ Dropped Enh. Optical Array. Warlord: Victory! Sure there's still lots to do, but without MAIN.C at the helm 0b10 doesn't stand a chance. We've got this... Map ----- +----------------------------------------------------+ | #???????????????????????????????????#?#?#?? | | ^^#???????????????????????????????????#?#?#?? | | ^^#???????????????????????????????????#?#?#?? | | ###???????????????????????????????????#?#?#?? | | #?????????????????????????????????????#?#?#?? | | #?????????????????????????????????????#?#?#?? | | #?????????????????????????????????????#?#?#?? | | #?????????????????????????????????????#?#?#?? | | +#########?????????????????????????????????#?#?#?? | | #?????????????????????????????????#?#?#?? | | #?????????????????????????????????#?#?#?? | | "" "" #?????????????????????????????????#?#?#?? | | ""T"" #??###########################????#?#?#?? | | """ #??#?????????????????????????#????#?#?#?? | | #??#?#######################?#????#?#?#?? | | #??#?#""""""" """" ############## | | ##+###+###??#?#"" "" #?#??????????? | | ## #?# #????#?#""""" "" ############## | | ## #?# #????#?#""""""""""" / | | ##+###+####?#?#" " """ /= | | ## #?#?#"" """""" /W= ! | | ## #?#?#"" """"""[ sss ############## | | ## #?#?# " """""" s #?#??????????? | | ## #?#?# " "" ! Ls ############## | | + #?#?# " "= #?#????#?#?#?? | | ## """" #?#?#"""""""" @ """"""#?#????#?#?#?? | | ?# """" #?#?#"" % """""""#?#????#?#?#?? | | ?# """" #?#?# """ """""""#?#????#?#?#?? | | ?# """" #?#?# " " " #?#????#?#?#?? | | ########+###### " " " " #?#????#?#?#?? | | " " " "" " " #?#????#?#?#?? | | """ " " " "" #?#????#?#?#?? | | " " " " #?#????#?#?#?? | | ########## """""""""" " #?#????#?#?#?? | | #??????##; " """ " """"""" #?#????#?#?#?? | | #??????# # """ " " " #?#????#?#?#?? | | #??????#?#######################?#????#?#?#?? | | #??????#?????????????????????????#????#?#?#?? | | #??????###########################????#?#?#?? | | ##########????????????????????????????????#?#?#?? | | # #????????????????????????????????#?#?#?? | | # #????????????????????????????????#?#?#?? | | # #????????????????????????????????#?#?#?? | | # #????????????????????????????????#?#?#?? | | # #????????????????????????????????#?#?#?? | | # #????????????????????????????????#?#?#?? | | + #????????????????????????????????#?#?#?? | | # [[[#????????????????????????????????#?#?#?? | | # [![#????????????????????????????????#?#?#?? | | ## [![#????????????????????????????????#?#?#?? | +----------------------------------------------------+ Best States ------------- Heat Dissipation 92 Energy Generation 62 Energy Capacity 390 Matter Stores 700 Matter Capacity 700 Sight Range 20 Robot Scan Range 20 Terrain Scan Range 24 Terrain Scan Density 1010 ECM Strength 2 Jamming Range 12 Cloak Strength 4 Power Amplification 30 Additional Mass Support 16 Corruption Block 8 Armor Coverage 1350 Resistance: KI 30 Resistance: TH 10 Resistance: EM 75 Utility Shielding 90 Weapon Shielding 90 Point Defense Rating 160 Melee Speed Boost 50 Phase Shifting 20 Evasion (%) 89 Targeting Accuracy 8 Melee Accuracy 24 Recoil Reduction 6 Particle Charging 50 Offensive Hacking 93 Defensive Hacking 12 Authchip Count 8 Trap Extractor Capacity 6 Item Schematics ----------------- Trap Extractor | -9/Materials | Hacked Exp. Sensor Array | -9/Materials | Scanalyzed Hrd. Medium Armor Plating | -8/Materials | Scanalyzed Imp. Utility Shielding | -8/Materials | Hacked Cld. VTOL Module | -7/Factory | Scanalyzed Exp. Melee Analysis Suite | -6/Factory | Scanalyzed Cargo Storage Unit | -6/Factory | Hacked Hyp. Coil Gun | -6/Factory | Scanalyzed Exp. Hacking Suite | -5/Factory | Hacked Exp. Terrain Scan Processor | -5/Factory | Hacked Graviton Reactor | -5/Factory | Scanalyzed Exp. Utility Shielding | -5/Factory | Hacked Imp. Fusion Compressor | -5/Factory | Hacked Adv. Reaction Control System | -4/Factory | Hacked Hyp. Railgun | -4/Factory | Hacked Assault Drone Bay | -4/Zhirov | Free Exp. Heat Sink | -4/Zhirov | Free Exp. Optical Array | -4/Zhirov | Free Imp. Arc Thrower | -4/Zhirov | Free Femtoactuators | -3/Research | Hacked Exp. Actuator Array | -3/Research | Hacked Nanosword | -3/Armory | Hacked Cmb. Linear Gravjet | -2/Research | Hacked Cld. Q-thruster | -2/Research | Hacked Cld. Linear Gravjet | -2/Research | Hacked Robot Schematics ------------------ None Fabricated ------------ Cld. VTOL Module | x1 | -7/Factory | Authchip Cld. VTOL Module | x1 | -6/Factory | Authchip Cargo Storage Unit | x1 | -6/Factory | Authchip Hyp. Coil Gun | x2 | -6/Factory | Authchip Exp. Utility Shielding | x1 | -5/Factory | Authchip Exp. Hacking Suite | x1 | -5/Factory | Authchip Exp. Hacking Suite | x1 | -5/Factory | Authchip Exp. Hacking Suite | x1 | -5/Factory | Authchip Exp. Hacking Suite | x1 | -5/Factory | Authchip Exp. Terrain Scan Processor | x1 | -3/Research | Authchip Exp. Utility Shielding | x1 | -3/Research | Authchip Nanosword | x1 | -3/Armory | Authchip Nanosword | x1 | -3/Armory | Authchip Exp. Melee Analysis Suite | x1 | -3/Armory | Authchip Exp. Melee Analysis Suite | x1 | -3/Armory | Authchip Femtoactuators | x1 | -3/Armory | Authchip Exp. Utility Shielding | x1 | -1/Access | Authchip Exp. Actuator Array | x1 | -1/Access | Authchip Nanosword | x1 | -1/Access | Authchip Nanosword | x1 | -1/Access | Authchip Femtoactuators | x1 | -1/Access | Authchip Exp. Utility Shielding | x1 | -1/Access | Authchip Cmb. Linear Gravjet | x2 | -1/Access | Authchip Cmb. Linear Gravjet | x2 | -1/Access | Authchip Graviton Reactor | x1 | -1/Access Alien Tech Used ----------------- Integrated Dissipator Transdimensional Reconstructor Core Regenerator Achievements -------------- None Challenges ------------ None Game ------ Seed FluxBiometalMapper Manual? 0 Play Time 06:04:17 Cumulative 723.3 hours Start 2023.08.14 @ 20:18:14 End 2023.08.15 @ 15:08:37 Sessions 7 Manual Loads 0 Difficulty Rogue Special Mode None Game No. 651 Rogue 651 Adventurer 0 Explorer 0 Win Type 7 Total 36 Types 14/3/10/2/0/0/4/2/1 Lore% 97 Gallery% 96 Achievement% 83 Wizard Run 0 Options --------- ASCII 0 Keyboard 0 Movement Numpad Keybinds 0 Fullscreen 1 Font 18/Smallcaps Map View 76x50 Tactical HUD 1 Map Filters NONE Filters NONE Steam 1 RUN: 5ef869ed-522c-45cf-92b7-6f7e7b6b2143